 Dungeon Crawl Stone Soup version 0.29-a0-378-gc08b2e8bf8 (webtiles) character file.

Game seed: 17272974103241700324

1503799 Antichthon the Gargoyle Barricade (level 27, 0/199 HPs)
             Began as a Gargoyle Fighter on May 4, 2022.
             Was the Champion of Zin.
             Killed by a guardian mummy's death curse (13 damage)
             ... on level 26 of a ziggurat.
             The game lasted 12:47:13 (218500 turns).

Antichthon the Gargoyle Barricade (GrFi)          Turns: 218500, Time: 12:47:14

Health: 0/199      AC: 80    Str: 39    XL:     27
Magic:  37/54      EV: 26    Int: 40    God:    Zin [******]
Gold:   19365      SH: 32    Dex: 22    Spells: 35/80 levels left

rFire   + + +      SeeInvis +   b - +9 sacred scourge (holy)
rCold   + + +      Faith    .   Q - +5 tower shield of Shielding {Harm rF++ rC+ rCorr}
rNeg    + + +      Spirit   .   r - +14 crystal plate armour of Impermeability {rF+ Str+3}
rPois   ∞          Reflect  .   K - +1 helmet of Uwaahye {Drain rN+ Int+3 SInv}
rElec   +          Harm     +   t - +0 cloak of the Desolation of Salt {rCorr Str-3 Int+8}
rCorr   +          Rampage  ∞   A - +2 pair of gloves {hurl}
Will    ++++.      Clarity  +   g - +3 pair of seven-league boots {Rampage+∞}
Stlth   +++.......              i - amulet "Fesa" {Acrobat +Inv rPois Will+}
HPRegen 1.23/turn               c - ring "Oquofuurph" {rC+ Str+6 Int+3}
MPRegen 0.34/turn               v - ring of the Coward {rC+ rN+++ Will+ Str-2 Dex+4}

@: vitalised, in a vortex, reciting, flying, slowed, studying 5 skills, very
slow
A: sickness immunity, AC +20, big wings, negative energy resistance 1,
electricity resistance, torment resistance 1, petrification resistance, clarity,
sense surroundings 1, regeneration 1, wild magic 1
}: 9/15 runes: decaying, slimy, silver, demonic, glowing, magical, fiery, dark,
gossamer
a: Renounce Religion, Evoke Invisibility, Recite, Vitalisation, Imprison,
Sanctuary, Donate Gold


You were on level 26 of a ziggurat.
You worshipped Zin.
Zin was exalted by your worship.
You visited 14 branches of the dungeon, and saw 59 of its levels.
You visited Pandemonium 13 times, and saw 120 of its levels.
You visited the Abyss 2 times.
You visited 2 bazaars.
You visited 1 ziggurat, and saw 26 of its levels.
You also visited: Ice Cave, Volcano, Wizlab and Desolation.

You collected 27880 gold pieces.
You spent 7825 gold pieces at shops.
You donated 690 gold pieces to Zin.

Inventory:

Hand Weapons
 a - a +9 spectral eveningstar
 b - a +9 sacred scourge of holy wrath (weapon)
 D - the +8 mithril axe "Arga" {speed, Will+}
   (You found it on level 17 of a ziggurat)

   Attacks with this weapon are significantly faster.
   Will:      It increases your willpower.
 V - the +10 fustibalus "Sourad" {flame, Int+7}
   (You found it on level 21 of a ziggurat)

   Any ammunition fired from it burns those it strikes, dealing additional fire
   damage.
   Int:       It affects your intelligence (+7).
Missiles
 m - 38 silver javelins
Armour
 g - the +3 pair of seven-league boots (worn) {Rampage+∞}
   (You found it on level 4 of the Spider Nest)

   Its wearer moves as far as possible in that direction when moving towards
   enemies.
 r - the +14 crystal plate armour of Impermeability (worn) {rF+ Str+3}
   (You found it in Pandemonium)

   Str:       It affects your strength (+3).
   rF:        It protects you from fire.
 t - the +0 cloak of the Desolation of Salt (worn) {rCorr Str-3 Int+8}
   (You found it in Pandemonium)

   Str:       It affects your strength (-3).
   Int:       It affects your intelligence (+8).
   rCorr:     It protects you from acid and corrosion.
 A - a +2 pair of gloves of hurling (worn)
 K - the +1 helmet of Uwaahye (worn) {Drain rN+ Int+3 SInv}
   (You found it in Pandemonium)

   Int:       It affects your intelligence (+3).
   rN:        It protects you from negative energy.
   SInv:      It lets you see invisible.
   Drain:     It drains your maximum health when unequipped.
 Q - the +5 tower shield of Shielding (worn) {Harm rF++ rC+ rCorr}
   (You took it off a daeva in Pandemonium)

   rF:        It greatly protects you from fire.
   rC:        It protects you from cold.
   rCorr:     It protects you from acid and corrosion.
   Harm:      It increases damage dealt and taken.
Jewellery
 c - the ring "Oquofuurph" (left hand) {rC+ Str+6 Int+3}
   (You found it on level 17 of a ziggurat)

   [ring of strength]

   Str:       It affects your strength (+6).
   Int:       It affects your intelligence (+3).
   rC:        It protects you from cold.
 i - the amulet "Fesa" (around neck) {Acrobat +Inv rPois Will+}
   (You found it in Pandemonium)

   [amulet of the acrobat]

   It increases your evasion while moving and waiting.
   rPois:     It protects you from poison.
   +Inv:      It lets you turn invisible.
   Will:      It increases your willpower.
 k - the amulet of the Air {Inacc Air Fly rElec RMsl}
   (You found it on level 24 of a ziggurat)

   [amulet of nothing]

   It reduces the accuracy of all your attacks.
   It enhances your air magic.
   rElec:     It insulates you from electricity.
   Fly:       It grants you flight.
   RMsl:      It protects you from missiles.
 v - the ring of the Coward (right hand) {rC+ rN+++ Will+ Str-2 Dex+4}
   (You found it in the Desolation of Salt)

   [ring of protection from cold]

   Str:       It affects your strength (-2).
   Dex:       It affects your dexterity (+4).
   rC:        It protects you from cold.
   rN:        It renders you almost immune to negative energy.
   Will:      It increases your willpower.
 M - the amulet of the Establishment {Reflect Slay+3 SH+5}
   (You found it on level 21 of a ziggurat)

   [amulet of reflection]

   It reflects blocked missile attacks.
   Slay:      It affects your accuracy & damage with ranged weapons and melee
   (+3).
   SH:        It affects your SH (+5).
 N - the necklace of Bloodlust {*Rage Will++ Int-3 Slay+6}
   (You found it on level 23 of a ziggurat)

   [amulet of nothing]

   It extends the wearer's berserk rage when killing foes.
   Int:       It affects your intelligence (-3).
   Slay:      It affects your accuracy & damage with ranged weapons and melee
   (+6).
   *Rage:     It berserks you when you make melee attacks (+50% chance).
   Will:      It greatly increases your willpower.
 Y - the amulet of the Original Sin {Acrobat rPois rC+ Str+2}
   (You found it on level 15 of a ziggurat)

   [amulet of the acrobat]

   It increases your evasion while moving and waiting.
   Str:       It affects your strength (+2).
   rC:        It protects you from cold.
   rPois:     It protects you from poison.
 Z - the ring of Erityaca {rF+ rC+ rN+ Will+ Int-3}
   (You found it on level 22 of a ziggurat)

   [ring of willpower]

   Int:       It affects your intelligence (-3).
   rF:        It protects you from fire.
   rC:        It protects you from cold.
   rN:        It protects you from negative energy.
   Will:      It increases your willpower.
Wands
 j - a wand of charming (34)
 I - a wand of digging (44)
 J - a wand of acid (69)
 L - a wand of mindburst (69) (quivered)
 W - a wand of paralysis (89)
Scrolls
 o - 58 scrolls of teleportation
 p - 38 scrolls of immolation
 s - 19 scrolls of blinking
 u - 43 scrolls of fear
 y - 42 scrolls of amnesia
 E - 8 scrolls of brand weapon
 F - 41 scrolls of vulnerability
 G - 27 scrolls of magic mapping
 H - 55 scrolls of fog
 O - 14 scrolls of summoning
 P - 21 scrolls of poison
 R - 17 scrolls of silence
 T - 25 scrolls of enchant armour
 U - 32 scrolls of enchant weapon
Potions
 d - 32 potions of ambrosia
 e - 25 potions of brilliance
 f - 28 potions of attraction
 h - 34 potions of haste
 l - 14 potions of cancellation
 n - 14 potions of resistance
 q - 14 potions of magic
 w - 20 potions of invisibility
 x - 50 potions of mutation
 z - 24 potions of might
 B - 63 potions of curing
 C - 32 potions of lignification
 S - 17 potions of heal wounds
 X - 20 potions of berserk rage


   Skills:
 O Level 27 Fighting
 - Level 23.0(27) Axes
 O Level 27 Maces & Flails
 O Level 27 Throwing
 O Level 27 Armour
 O Level 27 Dodging
 O Level 27 Stealth
 O Level 27 Shields
 O Level 27 Spellcasting
 O Level 27 Conjurations
 - Level 0.3 Summonings
 * Level 21.8 Fire Magic
 O Level 27 Ice Magic
 - Level 0.6 Air Magic
 O Level 27 Earth Magic
 O Level 27 Invocations
 - Level 13.0 Evocations


You had 35 spell levels left.
You knew the following spells:

 Your Spells              Type           Power      Damage    Failure   Level
a - Shatter               Erth           75%        3d55*     3%          9
b - Polar Vortex          Ice            75%        N/A       3%          9
c - Fire Storm            Conj/Fire      72%        8d18      9%          9
d - Dragon's Call         Summ           32%        N/A       100%        9
e - Chain Lightning       Conj/Air       59%        3d79      99%         9

Your spell library contained the following spells:

 Spells                   Type           Power      Damage    Failure   Level
 Foxfire                  Conj/Fire      100%       2x1d9     1%          1
 Magic Dart               Conj           100%       1d8       1%          1
 Sandblast                Erth           100%       2d20      1%          1
 Shock                    Conj/Air       100%       1d9       1%          1
 Ensorcelled Hibernation  Hex/Ice        100%       N/A       1%          2
 Passwall                 Tmut/Erth      99%        N/A       1%          2
 Scorch                   Fire           100%       2d10      1%          2
 Static Discharge         Conj/Air       100%       N/A       1%          2
 Conjure Flame            Conj/Fire      100%       6-21      1%          3
 Dazzling Flash           Conj/Hex       100%       N/A       1%          3
 Frozen Ramparts          Ice            100%       1d12      1%          3
 Ignite Poison            Fire/Tmut/Pois 98%        N/A       1%          3
 Inner Flame              Hex/Fire       100%       N/A       1%          3
 Mephitic Cloud           Conj/Pois/Air  100%       N/A       1%          3
 Ozocubu's Armour         Ice            100%       N/A       1%          3
 Stone Arrow              Conj/Erth      100%       3d13      1%          3
 Animate Armour           Summ/Erth      100%       N/A       1%          4
 Flame Wave               Conj/Fire      100%       2d17      1%          4
 Fulminant Prism          Conj/Hex       59%        3d25      1%          4
 Hailstorm                Conj/Ice       100%       3d20      1%          4
 Ice Form                 Ice/Tmut       100%       N/A       1%          4
 Iskenderun's Mystic Bla  Conj/Tloc      100%       2d19      1%          4
 Leda's Liquefaction      Hex/Erth       59%        N/A       1%          4
 Petrify                  Tmut/Erth      100%       N/A       1%          4
 Sticky Flame             Conj/Fire      100%       2d11      1%          4
 Summon Ice Beast         Ice/Summ       100%       N/A       1%          4
 Borgnjor's Vile Clutch   Necr/Erth      59%        N/A       1%          5
 Fireball                 Conj/Fire      72%        3d27      1%          5
 Freezing Cloud           Conj/Ice/Air   65%        6-21      1%          5
 Irradiate                Conj/Tmut      59%        3d33      1%          5
 Iskenderun's Battlesphe  Conj           100%       2d15      1%          5
 Lee's Rapid Deconstruct  Erth           75%        3d35*     1%          5
 Lightning Bolt           Conj/Air       59%        1d82      1%          5
 Metabolic Englaciation   Hex/Ice        59%        N/A       1%          5
 Conjure Ball Lightning   Conj/Air       59%        3x3d21    1%          6
 Iron Shot                Conj/Erth      75%        9d14      1%          6
 Simulacrum               Ice/Necr       59%        N/A       1%          6
 Starburst                Conj/Fire      72%        6d19      1%          6
 Orb of Destruction       Conj           75%        9d17      1%          7
 Ozocubu's Refrigeration  Ice            75%        4d20      1%          7
 Lehudib's Crystal Spear  Conj/Erth      75%        10d17     1%          8
 Animate Skeleton         Necr           100%       N/A       2%          1
 Apportation              Tloc           100%       N/A       2%          1
 Beastly Appendage        Tmut           100%       N/A       2%          1
 Slow                     Hex            100%       N/A       2%          1
 Sting                    Tmut/Pois      100%       1d8       2%          1
 Summon Small Mammal      Summ           100%       N/A       2%          1
 Ignition                 Fire           69%        3d18      2%          8
 Blink                    Tloc           100%       N/A       3%          2
 Call Imp                 Summ           65%        N/A       3%          2
 Corpse Rot               Necr/Air       100%       N/A       3%          2
 Poisonous Vapours        Pois/Air       100%       N/A       3%          2
 Wereblood                Tmut           63%        N/A       3%          2
 Swiftness                Air            66%        N/A       4%          3
 Call Canine Familiar     Summ           65%        N/A       5%          3
 Confusing Touch          Hex            63%        N/A       5%          3
 Gell's Gravitas          Tloc           63%        N/A       5%          3
 Lesser Beckoning         Tloc           63%        N/A       5%          3
 Portal Projectile        Hex/Tloc       100%       N/A       5%          3
 Spider Form              Tmut/Pois      63%        N/A       5%          3
 Summon Guardian Golem    Hex/Summ       64%        N/A       5%          3
 Tukima's Dance           Hex            63%        N/A       5%          3
 Vampiric Draining        Necr           63%        2d10      5%          3
 Spellforged Servitor     Conj/Summ      59%        N/A       6%          7
 Airstrike                Air            33%        N/A       13%         4
 Summon Lightning Spire   Summ/Air       66%        N/A       14%         4
 Anguish                  Hex/Necr       31%        N/A       16%         4
 Cause Fear               Hex            31%        N/A       16%         4
 Dispel Undead            Necr           63%        3d22      16%         4
 Olgreb's Toxic Radiance  Pois           63%        N/A       16%         4
 Passage of Golubria      Tloc           63%        N/A       16%         4
 Silence                  Hex/Air        32%        N/A       36%         5
 Agony                    Necr           63%        N/A       38%         5
 Alistair's Intoxication  Tmut/Pois      42%        N/A       38%         5
 Blade Hands              Tmut           31%        N/A       38%         5
 Manifold Assault         Tloc           63%        N/A       38%         5
 Summon Forest            Summ/Tloc      32%        N/A       38%         5
 Summon Mana Viper        Hex/Summ       64%        N/A       38%         5
 Yara's Violent Unravell  Hex/Tmut       31%        3d13      38%         5
 Summon Cactus Giant      Summ           32%        N/A       88%         6
 Dispersal                Tloc           31%        N/A       90%         6
 Eringya's Noxious Bog    Tmut/Pois      31%        N/A       90%         6
 Dragon Form              Tmut           31%        N/A       100%        7
 Enfeeble                 Hex            31%        N/A       100%        7
 Malign Gateway           Summ/Tloc      32%        N/A       100%        7
 Monstrous Menagerie      Summ           32%        N/A       100%        7
 Storm Form               Tmut/Air       32%        N/A       100%        7
 Summon Hydra             Summ           32%        N/A       100%        7
 Borgnjor's Revivificati  Necr           31%        N/A       100%        8
 Discord                  Hex            31%        N/A       100%        8
 Disjunction              Tloc           31%        N/A       100%        8
 Maxwell's Capacitive Co  Air            33%        ∞         100%        8
 Summon Horrible Things   Summ           32%        N/A       100%        8
 Sublimation of Blood     Necr           Unusable   N/A       N/A         2

Dungeon Overview and Level Annotations

Branches:
Dungeon (15/15)            Temple (1/1) D:5            Lair (6/6) D:11
  Swamp (4/4) Lair:4       Spider (4/4) Lair:2        Slime (5/5) Lair:5
    Orc (2/2) D:9             Elf (3/3) Orc:2        Vaults (5/5) D:13
  Crypt (3/3) Vaults:3       Tomb (1/3) Crypt:3      Depths (4/4) D:15
   Hell (visited)             Dis (0/7) Hell            Geh (0/7) Hell
    Coc (0/7) Hell            Tar (0/7) Hell            Zot (5/5) Depths:4
  IceCv (visited)         Volcano (visited)          WizLab (visited)
Desolation (visited)

Altars:
Ashenzari
Cheibriados
Dithmenos
Elyvilon
Fedhas
Gozag
Hepliaklqana
Kikubaaqudgha
Makhleb
Nemelex Xobeh
Okawaru
Qazlal
Ru
Sif Muna
Trog
Uskayaw
Vehumet
Wu Jian
Xom
Yredelemnul
Zin
The Shining One
Jiyva

Shops:
D:3 !   Orc:2 [=[*   Vaults:1 ?   Depths:4 =::

Portals:
Hell: Depths:1 Depths:2 Depths:3 Depths:4
Abyss: Depths:1 Depths:3
Pandemonium: Depths:2


Innate Abilities, Weirdness & Mutations

You are immune to sickness and miasma.
Your stone body is resilient. (AC +20)
You are immune to poison.
Your large and strong wings let you fly.
You resist negative energy. (rN+)
You are resistant to electric shocks. (rElec)
You are resistant to unholy torment.
You are immune to petrification.
You possess an exceptional clarity of mind.
You passively map a small area around you.
Your natural rate of healing is unusually fast.
Your spells are a little harder to cast, but a little more powerful.


Message History

You destroy the ushabti!
You destroy the mummy shaped pillar of salt!
You destroy the ushabti!
You destroy the mummy priest!
Zin accepts your kill.
You destroy the mummy!
Zin accepts your kill.
You destroy the mummy shaped pillar of salt! x3
Zin accepts your kill.
You feel a bit more experienced.
You destroy the mummy!
Zin accepts your kill.
You destroy the mummy!
Zin accepts your kill.
The emperor scorpion is heavily wounded.
You destroy the mummy shaped pillar of salt! x2
You destroy the death scarab shaped pillar of salt!
You destroy the mummy shaped pillar of salt!
Ka-crash!
You feel extremely nervous for a moment...
Your body is wracked with pain!
* * * LOW HITPOINT WARNING * * *
You feel extremely nervous for a moment...
You are engulfed in negative energy!
You resist.
You feel extremely nervous for a moment...
Pain shoots through your body!
* * * LOW HITPOINT WARNING * * *
You feel extremely nervous for a moment...
Pain shoots through your body!
* * * LOW HITPOINT WARNING * * *
You feel extremely nervous for a moment...
Pain shoots through your body!
* * * LOW HITPOINT WARNING * * *
You feel extremely nervous for a moment...
You feel very uncomfortable.
You feel extremely nervous for a moment...
Your body is wracked with pain!
* * * LOW HITPOINT WARNING * * *
You feel extremely nervous for a moment...
Pain shoots through your body!
You die...

,
...........................
,...........................
.M....8.M..................
,
.9.....88..................
,
..Z....§...................
,
.MZ....s§§...§.............
.M.s§Ms§s§M.§..............
,
.......§ss§§§§.............
,
M.....§ss§@†M.§............
.....†.Ms§§.§..............
.M....§.Z§§§§..............
.MM..§§.§§M§.§.............
.......§§M.................
...........................
...........................
M................ , , ,, ,
,,


You could see 4 royal mummies, 9 emperor scorpions and a caustic shrike zombie.

Vanquished Creatures
  the Royal Jelly (Slime:5)
  Gloorx Vloq (Pan)
  A seraph (Pan)
  Ignacio (Pan)
  12 dread liches
  Mnoleg (Pan)
  Lom Lobon (Pan)
  Tiamat (Depths:4)
  5 orbs of fire
  8 ancient liches
  Khufu (Tomb:1)
  Mennas (Vaults:4)
  123 pandemonium lords
  15 juggernauts
  25 royal mummies
  Boris (Crypt:1)
  Xtahua (Depths:3)
  2 shard shrikes (Zot:4)
  20 Killer Klowns
  A caustic shrike (shapeshifter) (Zig:24)
  Frederick (Depths:3)
  Saint Roka (Vaults:4)
  4 curse toes
  16 caustic shrikes
  9 golden dragons
  2 pearl dragons (Pan)
  Geryon (Hell)
  2 profane servitors (Crypt:3)
  A bone dragon (Depths:4)
  4 electric golems
  53 Brimstone Fiends
  46 Tzitzimimeh
  7 iron giants
  4 hellephants
  5 liches
  Asterion (Vaults:1)
  A moon troll (WizLab)
  15 tentacled monstrosities
  60 Ice Fiends (Pan)
  A tainted leviathan (Depths:4)
  79 Hell Sentinels
  8 titans
  A quicksilver dragon (shapeshifter) (Zig:24)
  14 deep elf blademasters
  7 quicksilver dragons
  24 acid blobs
  14 sphinxes
  25 Orb Guardians (Zot:5)
  7 death cobs
  Murray (Depths:4)
  148 Executioners
  23 deep elf master archers
  2 eldritch tentacles
  9 tentacled starspawn (WizLab)
  Agnes (Spider:3)
  11 ancient champions
  2 thorn hunters
  2 sphinxes (shapeshifter)
  6 shadow dragons
  Kirke (Swamp:2)
  14 storm dragons
  Roxanne (Swamp:2)
  A shadow dragon (shapeshifter) (Zig:24)
  10 tengu reavers
  A fenstrider witch (shapeshifter) (Zig:24)
  10 draconian monks
  2 azure jellies (shapeshifter)
  Donald (Spider:1)
  3 fenstrider witches
  94 demonspawn warmongers (Pan)
  13 rockslimes
  14 azure jellies
  3 quicksilver elementals (Zig:17)
  7 draconian knights
  7 fire giants
  99 daevas (Pan)
  4 revenants
  10 frost giants
  Louise (D:15)
  131 balrugs
  5 emperor scorpions (Spider:4)
  2 imperial myrmidons (Desolation)
  150 cacodemons
  11 orc warlords
  5 curse skulls
  5 deep elf sorcerers
  12 iron dragons
  4 caustic shrike zombies
  9 ghost moths
  8 draconian scorchers
  26 vault wardens
  6 deep elf elementalists
  6 spriggan defenders (Depths:2)
  4 draconian shifters
  171 angels
  3 caustic shrike skeletons
  15 quicksilver oozes
  85 demonspawn blood saints
  22 war gargoyles
  10 ghouls
  9 draconian annihilators
  2 juggernaut skeletons
  146 reapers
  18 ironbound preservers
  3 broodmothers
  92 ophanim (Pan)
  4 draconian stormcallers
  46 stone giants
  7 vampire knights
  112 demonspawn corrupters
  10 green draconians
  4 ironbound thunderhulks
  36 very ugly things
  18 deep elf demonologists
  103 demonspawn black suns (Pan)
  14 entropy weavers
  4 putrid mouths
  163 apis (Pan)
  9 white draconians
  10 black draconians
  An eleionoma (Zig:5)
  16 red draconians
  10 yellow draconians
  16 deep elf annihilators
  3 spark wasps
  3 dire elephants (shapeshifter)
  159 lorocyprocas
  2 eidola
  5 bunyips
  18 dire elephants
  17 purple draconians
  131 blizzard demons
  6 merfolk javelineers
  An ettin (shapeshifter) (Zig:24)
  8 iron golems
  12 deep elf death magi
  22 mummy priests
  14 ettins
  16 fire dragons
  A fire dragon (shapeshifter) (Vaults:3)
  13 jiangshi
  Josephine (D:14)
  11 crystal guardians
  The ghost of Gelos the Grappler, a journeyman TrMo of Trog (Lair:1)
  15 deep elf high priests
  15 great orbs of eyes
  A kraken zombie (Hell)
  6 ragged hierophants (Desolation)
  A great orb of eyes (shapeshifter) (Vaults:4)
  25 yaktaur captains
  116 green deaths
  A spriggan zombie (Crypt:1)
  3 servants of whispers (Desolation)
  7 boulder beetles
  15 rakshasas
  29 vault guards
  3 ghost crabs
  6 spriggan air magi
  15 hydras
  17 ice dragons
  9 peacekeepers
  58 hell beasts
  A caustic shrike simulacrum (Crypt:2)
  A fenstrider witch skeleton (Pan)
  An anaconda (shapeshifter) (Zig:13)
  2 juggernaut simulacra (Pan)
  4 jorogumos (Spider:4)
  2 ogre magi (Orc:2)
  A catoblepas (shapeshifter) (Zig:24)
  7 radroaches
  2 alligator snapping turtles (shapeshifter) (Zig:24)
  6 satyrs (Zig:20)
  10 alligators
  2 death knights
  2 two-headed ogres (shapeshifter)
  4 spriggan skeletons
  18 centaur warriors
  3 death yaks (Lair:2)
  A titan zombie (Crypt:1)
  8 tengu warriors
  6 ironbound frosthearts
  9 orc high priests
  8 vampire magi
  68 dancing weapons
  13 deep troll shamans
  41 death scarabs
  6 holy swine (Pan)
  14 hell hogs
  13 two-headed ogres
  3 spriggan berserkers
  Urug (D:10)
  A shock serpent (shapeshifter) (Zig:16)
  6 deep troll earth magi
  303 soul eaters
  8 naga sharpshooters (Zig:20)
  A titan skeleton (Pan)
  25 deep elf knights
  5 crystal echidnas (Zig:17)
  Sonja (D:12)
  20 hell knights
  550 sun demons
  9 shadow wraiths
  A fire crab (Lair:6)
  8 iron trolls
  Nergalle (D:11)
  A storm dragon skeleton (Crypt:3)
  19 skeletal warriors
  A wretched star (WizLab)
  73 cherubim (Pan)
  299 large abominations (Pan)
  7 pharaoh ants
  6 spriggan druids
  183 sixfirhies (Pan)
  13 swamp dragons
  An anaconda zombie (Hell)
  127 shadow demons
  A deep troll (shapeshifter) (Depths:1)
  5 flayed ghosts
  2 sun moths
  A death drake (shapeshifter) (Depths:1)
  4 steelbarb worms (shapeshifter)
  13 steelbarb worms
  3 obsidian statues
  A bunyip zombie (Crypt:2)
  2 goliath frogs
  A kraken simulacrum (Hell)
  A shadow dragon zombie (Crypt:1)
  11 glowing orange brains
  5 orange crystal statues
  8 orb spiders
  5 bog bodies
  A glowing orange brain (shapeshifter) (Elf:2)
  10 lindwurms
  A swamp dragon (shapeshifter) (Depths:3)
  32 deep elf archers
  13 phantasmal warriors
  29 ironbound convokers
  47 deep trolls
  A harpy (Vaults:1)
  The ghost of chopper the Cleaver, a novice MiFi (D:6)
  The ghost of OTABOTABOTAB the Thaumaturge, a novice DECj of Vehumet (D:8)
  An anaconda skeleton (Hell)
  11 necromancers
  24 wizards
  18 orc knights
  A shining eye (shapeshifter) (Zig:24)
  64 deep elf pyromancers
  An iron dragon zombie (Crypt:3)
  The ghost of Foxy the Chiller, a novice MfIE (D:6)
  2 spectral wolf spiders (Spider:4)
  49 deep elf zephyrmancers
  A glowing shapeshifter (Zig:24)
  2 fauns (Zig:20)
  7 orc sorcerers
  15 wolf spiders
  3 manticores
  65 ugly things
  4 shining eyes
  A mana viper (shapeshifter) (Vaults:5)
  A manticore (shapeshifter) (Zig:16)
  33 rust devils
  6 will-o-the-wisps
  34 moths of wrath
  9 cyclopes
  2 elephants (shapeshifter)
  A frost giant skeleton (Crypt:3)
  2 moths of wrath (shapeshifter) (Vaults:4)
  3 centaur zombies
  15 elephants
  4 guardian serpents (Desolation)
  9 eyes of devastation
  A dire elephant zombie (Crypt:2)
  A black mamba (shapeshifter) (Vaults:4)
  9 black mambas
  3 stone giant skeletons
  20 apocalypse crabs
  7 molten gargoyles
  An iron dragon skeleton (Zig:19)
  14 torpor snails
  9 ice statues
  An elephant slug zombie (Crypt:2)
  6 centaur skeletons
  21 vault sentinels
  An alligator snapping turtle zombie (Crypt:1)
  393 smoke demons
  A guardian serpent (shapeshifter) (Zig:6)
  176 orange demons (Pan)
  A cane toad (shapeshifter) (Depths:1)
  20 cane toads
  2 naga skeletons
  A red draconian zombie (Crypt:2)
  5 kobold demonologists
  An unseen horror (shapeshifter) (D:15)
  Maggie (Lair:2)
  A sea snake zombie (Hell)
  2 spectral redbacks (Spider:4)
  42 yaktaurs
  177 demonic crawlers
  9 efreet
  A yaktaur zombie (Vaults:4)
  9 gargoyles
  122 hellions
  9 freezing wraiths
  4 dire elephant skeletons (Pan)
  7 rime drakes
  A redback zombie (Spider:4)
  146 tormentors
  37 ice devils
  5 tengu conjurers
  6 komodo dragons
  A golden dragon simulacrum (Zig:19)
  2 anaconda simulacra
  157 hellwings (Pan)
  A harpy zombie (Crypt:3)
  20 trolls
  42 guardian mummies
  63 red devils (Pan)
  3 meliai (D:14)
  4 spectral tarantellas (Spider:4)
  A bloated husk (Swamp:3)
  3 polar bears
  17 hornets
  A queen bee (Lair:1)
  A tengu simulacrum (Zig:19)
  26 tarantellas
  Grinder (D:5)
  11 tyrant leeches
  A spectral jumping spider (Spider:4)
  2 harpy skeletons (Pan)
  A raiju (Swamp:3)
  2 spectral culicivoras (Spider:4)
  5 dream sheep (Lair:2)
  An alligator zombie (Hell)
  An ettin zombie (Vaults:4)
  95 slime creatures
  3 jumping spider zombies (Spider:4)
  2 slime creatures (shapeshifter)
  57 saltlings (Desolation)
  18 blink frogs
  A hydra skeleton (Pan)
  A guardian serpent zombie (Crypt:1)
  A tarantella zombie (Spider:4)
  A jumping spider (shapeshifter) (Zig:16)
  An ettin skeleton (Pan)
  11 air elementals
  An alligator skeleton (Hell)
  A centaur simulacrum (Crypt:2)
  29 flying skulls
  37 jumping spiders
  8 ushabtiu
  4 vampires
  301 ynoxinuls (Pan)
  23 culicivoras
  2 dire elephant simulacra
  18 spriggans
  Sigmund (D:2)
  2 shadows
  11 wraiths
  7 wyverns
  5 fire elementals
  21 starcursed masses (WizLab)
  5 basilisks
  15 water elementals
  The ghost of spaghetti the Covert, an amateur GnDe (D:6)
  9 golden eyes
  A hog (shapeshifter) (Vaults:4)
  A black mamba skeleton (Pan)
  35 yaks
  3 fire bats (Pan)
  330 chaos spawn
  An elf simulacrum (Vaults:4)
  2 golden eyes (shapeshifter)
  27 humans
  62 redbacks
  7 vampire mosquitoes
  Grum (D:10)
  Menkaure (D:5)
  2 death yak simulacra
  2 harpy simulacra
  146 neqoxecs
  6 steam dragons
  8 wargs
  15 swamp worms
  A glowing shapeshifter zombie (Crypt:3)
  A cane toad zombie (Crypt:2)
  12 water moccasins
  2 floating eyes
  5 hell hounds (Lair:6)
  2 ice beasts
  2 floating eyes (shapeshifter)
  A cane toad skeleton (Crypt:3)
  7 swamp drakes
  28 orc warriors
  A black bear (shapeshifter) (Zig:24)
  3 black bears
  27 ogres
  A tengu (shapeshifter) (Vaults:3)
  3 boggarts (Vaults:2)
  A centaur (shapeshifter) (Elf:2)
  15 centaurs
  20 wolves
  2 elf zombies
  A fire crab zombie (Crypt:1)
  A rime drake zombie (Crypt:2)
  A kobold brigand (D:8)
  The ghost of lesaewzxc the Conjurer, an amateur DECj (D:6)
  Blork the orc (D:4)
  A rime drake skeleton (Crypt:1)
  15 earth elementals
  3 scorpions
  20 bullfrogs
  3 cane toad simulacra
  4 two-headed ogre simulacra (IceCv)
  A wyvern zombie (Crypt:3)
  2 gnoll sergeants (D:9)
  7 necrophages
  A salamander skeleton (Crypt:3)
  18 wights
  A hornet simulacrum (D:15)
  4 elephant simulacra (IceCv)
  29 killer bees
  A raiju skeleton (Crypt:2)
  7 electric eels
  A wolf zombie (Crypt:1)
  8 howler monkeys
  6 lava snakes
  A crimson imp (Zig:16)
  A quasit (Pan)
  A jelly (D:6)
  9 hounds
  15 orc priests
  Crazy Yiuf (D:2)
  2 iguanas (D:4)
  15 orc wizards
  7 hell rats (Lair:5)
  6 troll simulacra (IceCv)
  3 polar bear simulacra
  3 spriggan simulacra (IceCv)
  2 wolf simulacra (IceCv)
  An ogre zombie (Crypt:3)
  An acid dragon zombie (Crypt:1)
  55 mummies
  A howler monkey zombie (Crypt:2)
  12 gnolls
  6 adders
  6 naga simulacra (IceCv)
  2 shadow imps
  7 white imps
  12 ufetubi
  2 worms
  82 orcs
  7 endoplasms
  2 giant cockroaches
  5 goblins
  4 hobgoblins
  6 jackals
  5 quokkas
  7 ball pythons
  A ball python zombie (Crypt:2)
  3 bats
  2 frilled lizards (D:1)
  A goblin zombie (Crypt:3)
  13 kobolds
  A kobold zombie (Crypt:1)
  A quokka skeleton (Crypt:3)
  2 rats (D:3)
  3 ball lightnings (Zig:13)
  7 fire vortices (Pan)
  28 pillars of salt
  7 starspawn tentacles
  4 tentacles (Hell)
9594 creatures vanquished.

Vanquished Creatures (collateral kills)
  Cerebov (Pan)
  A very ugly thing (Pan)
  A wizard (Pan)
  5 fire vortices (Pan)
8 creatures vanquished.

Vanquished Creatures (others)
  3 pandemonium lords (Pan)
  An iron giant (shapeshifter) (Zig:13)
  4 eldritch tentacles
  An azure jelly (shapeshifter) (Zig:13)
  A demonspawn warmonger (Pan)
  A balrug (Pan)
  2 very ugly things (Zig:13)
  A war gargoyle (Depths:4)
  2 demonspawn blood saints (Pan)
  A lorocyproca (Pan)
  A blizzard demon (Pan)
  An ettin (Depths:3)
  An ice dragon (Zot:4)
  An ogre mage (D:10)
  2 soul eaters (Pan)
  4 deep elf knights
  2 sun demons (Pan)
  A sea snake (shapeshifter) (Zig:13)
  A shadow demon (Pan)
  5 wizards
  3 deep elf zephyrmancers
  2 deep elf pyromancers
  An apocalypse crab (Zig:13)
  2 orange demons (Pan)
  3 smoke demons (Pan)
  2 demonic crawlers
  An ice devil (Pan)
  4 bloated husks
  A starcursed mass (WizLab)
  A wyvern (Lair:6)
  3 ynoxinuls (Pan)
  A water elemental (Elf:2)
  5 neqoxecs (Pan)
  A fire bat (Pan)
  8 chaos spawn (Pan)
  A swamp worm (Swamp:4)
  A floating eye (shapeshifter) (Zig:13)
  3 swamp drakes (Swamp:4)
  An orc warrior (Vaults:5)
  An orc priest (Orc:1)
  8 ball lightnings (Pan)
  2 blocks of ice (Pan)
  5 demonic plants
  2 fire vortices (Pan)
  36 foxfires
  23 fungi
  22 pillars of salt
  83 plants
  35 starspawn tentacles
  12 tentacles (Hell)
  15 withered plants
324 creatures vanquished.

Grand Total: 9926 creatures vanquished

Notes
Turn   | Place    | Note
-------+----------+-------------------------------------------
     0 | D:1      | Antichthon the Gargoyle Fighter began the quest for the
                  | Orb.
     0 | D:1      | Reached XP level 1. HP: 14/14 MP: 1/1
    84 | D:1      | Reached XP level 2. HP: 19/19 MP: 2/2
  1117 | D:2      | Reached XP level 3. HP: 10/23 MP: 3/3
  1413 | D:2      | Found a faded altar of an unknown god.
  1421 | D:2      | Got Plato's Incunabulum of the Birds and Confrontation
  1567 | D:2      | Reached skill level 1 in Invocations
  1567 | D:2      | Reached XP level 4. HP: 16/28 MP: 4/4
  1834 | D:2      | Found a runed translucent door.
  1835 | D:2      | Noticed Crazy Yiuf
  1900 | D:2      | Noticed Sigmund
  1926 | D:2      | Killed Sigmund
  1927 | D:2      | Reached skill level 1 in Dodging
  1927 | D:2      | Reached XP level 5. HP: 16/33 MP: 4/6
  1927 | D:2      | Reached XP level 6. HP: 18/38 MP: 4/7
  2414 | D:3      | Identified the +1 leather armour of Heixento {rF+ Regen+}
  2692 | D:3      | Found Rixtouh's Distillery.
  2700 | D:3      | Bought a potion of mutation for 96 gold pieces
  2700 | D:3      | Gained mutation: Your body sometimes deteriorates upon
                  | taking damage. [potion of mutation]
  2700 | D:3      | Gained mutation: You are strong-willed. (Will+) [potion of
                  | mutation]
  2701 | D:3      | Lost mutation: You are strong-willed. (Will+) [potion of
                  | mutation]
  2701 | D:3      | Lost mutation: Your body sometimes deteriorates upon taking
                  | damage. [potion of mutation]
  2701 | D:3      | Gained mutation: You do not regenerate when monsters are
                  | visible. [potion of mutation]
  2701 | D:3      | Gained mutation: You have a pair of small antennae on your
                  | head. [potion of mutation]
  2701 | D:3      | Lost mutation: You do not regenerate when monsters are
                  | visible. [potion of mutation]
  2701 | D:3      | Gained mutation: You have hidden genetic potential. [potion
                  | of mutation]
  3140 | D:3      | Found a bloodstained altar of Trog.
  3153 | D:3      | Found an ancient bone altar of Kikubaaqudgha.
  3254 | D:4      | Noticed a wyvern
  3261 | D:4      | Killed a wyvern
  3262 | D:4      | Reached XP level 7. HP: 8/43 MP: 8/8
  3300 | D:4      | Noticed Blork the orc
  3316 | D:4      | Killed Blork the orc
  3320 | D:4      | Gained mutation: Your flesh is cold resistant. (rC+)
                  | [hidden potential]
  3384 | D:4      | Reached skill level 5 in Maces & Flails
  3438 | D:4      | Reached skill level 5 in Armour
  3612 | D:4      | Noticed a two-headed ogre
  3635 | D:4      | Killed a two-headed ogre
  3636 | D:4      | Reached skill level 5 in Fighting
  3636 | D:4      | Reached skill level 5 in Shields
  3636 | D:4      | Reached XP level 8. HP: 16/49 MP: 8/10
  3658 | D:4      | Gained mutation: You passively map a small area around you.
                  | [hidden potential]
  3658 | D:4      | Lost mutation: You have hidden genetic potential. [hidden
                  | potential expressed]
  3906 | D:5      | Entered Level 5 of the Dungeon
  3906 | D:5      | Found a staircase to the Ecumenical Temple.
  3946 | Temple   | Entered the Ecumenical Temple
  4107 | D:5      | Lost mutation: Your flesh is cold resistant. (rC+) [potion
                  | of mutation]
  4107 | D:5      | Lost mutation: You have a pair of small antennae on your
                  | head. [potion of mutation]
  4107 | D:5      | Gained mutation: Your movements are slightly less
                  | encumbered by armour. (ER -2) [potion of mutation]
  4567 | D:5      | Noticed Menkaure
  4587 | D:5      | Killed Menkaure
  4588 | D:5      | Reached XP level 9. HP: 17/54 MP: 11/11
  4773 | D:5      | Noticed a kobold demonologist
  4788 | D:5      | Noticed a smoke demon
  4792 | D:5      | Noticed a sun demon
  4809 | D:5      | Noticed an ice devil
  4810 | D:5      | Killed a kobold demonologist
  5154 | D:6      | Found a burning altar of Makhleb.
  5299 | D:6      | Noticed Foxy's ghost (novice MfIE)
  5300 | D:6      | Found a runed translucent gate.
  5300 | D:6      | Noticed lesaewzxc's ghost (amateur DECj)
  5300 | D:6      | Noticed spaghetti's ghost (amateur GnDe)
  5300 | D:6      | Noticed chopper's ghost (novice MiFi)
  5302 | D:6      | Found a runed translucent gate.
  5302 | D:6      | Found a runed translucent gate.
  5474 | D:6      | Identified a scroll of acquirement
  5474 | D:6      | Acquired the ring of the Mackerel {Fly Will+ Str+4 Int-2
                  | Slay+4}
  5780 | D:5      | Noticed Grinder
  5791 | D:5      | Killed Grinder
  5882 | D:3      | Bought 2 potions of mutation for 192 gold pieces
  5882 | D:3      | Lost mutation: You passively map a small area around you.
                  | [potion of mutation]
  5882 | D:3      | Lost mutation: Your movements are slightly less encumbered
                  | by armour. (ER -2) [potion of mutation]
  5882 | D:3      | Gained mutation: You passively map a small area around you.
                  | [potion of mutation]
  5882 | D:3      | Gained mutation: You possess an exceptional clarity of
                  | mind. [potion of mutation]
  5882 | D:3      | Gained mutation: Your natural rate of healing is unusually
                  | fast. [potion of mutation]
  5940 | Temple   | Became a worshipper of Zin the Law-Giver
  6358 | D:7      | Reached XP level 10. HP: 60/60 MP: 13/13
  6858 | D:2      | Killed Crazy Yiuf
  6861 | D:2      | Identified the +8 mace of Peace {drain, rElec rCorr}
  7444 | D:8      | Reached * piety under Zin
  7551 | D:8      | Reached skill level 5 in Invocations
  7851 | D:8      | Acquired the +4 eveningstar "Newtbane" {vorpal, rC- Int+4}
  7935 | D:8      | Found a runed translucent gate.
  7935 | D:8      | Found a runed translucent gate.
  7938 | D:8      | Found a runed translucent gate.
  7940 | D:8      | Noticed OTABOTABOTAB's ghost (novice DECj)
  8187 | D:9      | Reached skill level 10 in Maces & Flails
  8210 | D:9      | Found a shadowy altar of Dithmenos.
  8445 | D:9      | Found a staircase to the Orcish Mines.
  8821 | D:10     | Entered Level 10 of the Dungeon
  8864 | D:10     | Reached ** piety under Zin
  8910 | D:10     | Noticed an ogre mage
  8910 | D:10     | Noticed a manticore
  8937 | D:10     | Paralysed by something for 2 turns
  8939 | D:10     | Killed an ogre mage
  8942 | D:10     | Killed a manticore
  8978 | D:10     | Noticed a centaur warrior
  8989 | D:10     | Killed a centaur warrior
  8990 | D:10     | Reached XP level 11. HP: 61/67 MP: 15/15
  9038 | D:10     | Noticed Urug
  9050 | D:10     | Killed Urug
  9121 | D:10     | Reached *** piety under Zin
  9490 | D:10     | Noticed a boulder beetle
  9509 | D:10     | Killed a boulder beetle
  9630 | D:10     | Noticed Grum
  9644 | D:10     | Killed Grum
  9675 | D:10     | Reached skill level 5 in Dodging
  9889 | D:11     | Found a broken altar of Ashenzari.
  9911 | D:11     | Noticed Nergalle
  9931 | D:11     | Killed Nergalle
  9956 | D:11     | Reached **** piety under Zin
 10072 | D:11     | Found a staircase to the Lair.
 10195 | D:11     | You are sucked into a shaft and drop 3 floors!
 10218 | D:14     | Noticed a six-headed hydra
 10228 | D:14     | Killed a six-headed hydra
 10296 | D:13     | Noticed a manticore
 10303 | D:13     | Killed a manticore
 10304 | D:13     | Reached XP level 12. HP: 75/75 MP: 16/16
 10500 | D:12     | Noticed a two-headed ogre
 11056 | Lair:1   | Entered Level 1 of the Lair of Beasts
 11088 | Lair:1   | Found a frozen archway.
 11110 | IceCv    | Entered an ice cave
 11228 | IceCv    | Reached ***** piety under Zin
 11448 | IceCv    | Got the Grimoire of Hurtful Heat
 11732 | IceCv    | Reached skill level 1 in Throwing
 11799 | IceCv    | Reached ****** piety under Zin
 12310 | Lair:1   | Identified the +6 spear of Evifeidgh {drain, Contam rPois
                  | Dex+3}
 12414 | Lair:1   | Found a runed translucent gate.
 12414 | Lair:1   | Found a runed translucent gate.
 12415 | Lair:1   | Found a runed translucent gate.
 12415 | Lair:1   | Noticed Gelos's ghost (journeyman TrMo)
 13092 | Lair:2   | Found a hole to the Spider Nest.
 13219 | Lair:2   | Reached XP level 13. HP: 70/80 MP: 18/18
 13275 | Lair:2   | Noticed Maggie
 13296 | Lair:2   | Killed Maggie
 14046 | Lair:3   | Reached skill level 10 in Fighting
 14335 | Lair:3   | Noticed a fire dragon
 14347 | Lair:3   | Killed a fire dragon
 16002 | Lair:4   | Reached skill level 10 in Armour
 16090 | Lair:4   | Found a staircase to the Swamp.
 16370 | Lair:5   | Found a staircase to the Slime Pits.
 16371 | Lair:5   | Paralysed by a floating eye for 3 turns
 16470 | Lair:5   | Gained mutation: Your large and strong wings let you fly.
                  | [Gargoyle growth]
 16470 | Lair:5   | Reached XP level 14. HP: 88/88 MP: 20/20
 16756 | Lair:5   | Found a transporter.
 16759 | Lair:5   | Found a transporter.
 16849 | Lair:5   | Reached skill level 15 in Maces & Flails
 17119 | Lair:6   | Entered Level 6 of the Lair of Beasts
 17129 | Lair:5   | Reached skill level 10 in Shields
 17634 | Lair:6   | Found a large runed translucent door.
 17634 | Lair:6   | Found a large runed translucent door.
 18665 | Lair:6   | Reached XP level 15. HP: 82/95 MP: 21/21
 18882 | Orc:1    | Entered Level 1 of the Orcish Mines
 18968 | Orc:1    | Reached skill level 5 in Throwing
 19232 | Orc:2    | Entered Level 2 of the Orcish Mines
 19265 | Orc:2    | Found a dark tunnel.
 19269 | Orc:2    | Found a flickering gateway to a bazaar.
 19279 | Bazaar   | Entered a bazaar
 19279 | Bazaar   | Found Ziyd's Assorted Antiques.
 19279 | Bazaar   | Found Fissin's Magic Scroll Emporium.
 19279 | Bazaar   | Found Vois's Book Shop.
 19279 | Bazaar   | Found Joem's Armour Shoppe.
 19281 | Bazaar   | Found Suqyenas's Distillery.
 19314 | Bazaar   | Bought a scroll of acquirement for 572 gold pieces
 19325 | Bazaar   | Bought a potion of heal wounds for 70 gold pieces
 19325 | Bazaar   | Bought a potion of heal wounds for 70 gold pieces
 19325 | Bazaar   | Bought a potion of curing for 42 gold pieces
 19333 | Bazaar   | Bought a +2 helmet of intelligence for 344 gold pieces
 19347 | Bazaar   | Acquired a manual of Fighting
 19377 | Volcano  | Entered a volcano
 19728 | Orc:2    | Found a staircase to the Elven Halls.
 20533 | Orc:2    | Found Paonicw's Jewellery Emporium.
 20536 | Orc:2    | Found Doqozxot's Armour Shop.
 20541 | Orc:2    | Found Tetisuom's Assorted Antiques.
 20542 | Orc:2    | Paralysed by something for 6 turns
 20576 | Orc:2    | Noticed an orc warlord
 20805 | Orc:2    | Killed an orc warlord
 20939 | Orc:2    | Found Aperph's Armour Emporium.
 20948 | Orc:2    | Bought a scarf of repulsion for 120 gold pieces
 21278 | D:12     | Noticed Sonja
 21415 | D:12     | Killed Sonja
 22328 | D:13     | Found a gate to the Vaults.
 22375 | D:13     | Reached XP level 16. HP: 104/104 MP: 23/23
 22884 | D:14     | Noticed Josephine
 22896 | D:14     | Killed Josephine
 23130 | D:14     | Found an ornate altar of the Wu Jian Council.
 23473 | Swamp:1  | Entered Level 1 of the Swamp
 23511 | Swamp:1  | Noticed a fenstrider witch
 23781 | Lair:4   | Killed a fenstrider witch
 23799 | Swamp:1  | Reached skill level 10 in Invocations
 24537 | Orc:2    | Bought the ring "Fuluosh" {rC+ Str+6 Dex+3} for 1103 gold
                  | pieces
 24975 | Swamp:2  | Noticed Roxanne
 25642 | Swamp:2  | Noticed Kirke
 25736 | Swamp:2  | Killed Kirke
 25737 | Swamp:2  | Reached skill level 15 in Fighting
 25978 | Swamp:3  | Noticed a tentacled monstrosity
 25991 | Swamp:3  | Killed a tentacled monstrosity
 26237 | Swamp:3  | Noticed a thorn hunter
 26251 | Swamp:3  | Killed a thorn hunter
 26825 | Swamp:4  | Entered Level 4 of the Swamp
 26826 | Swamp:4  | Noticed a fenstrider witch
 26835 | Swamp:4  | Killed a fenstrider witch
 26901 | Swamp:4  | Noticed a thorn hunter
 26915 | Swamp:4  | Killed a thorn hunter
 27063 | Swamp:4  | Reached XP level 17. HP: 113/113 MP: 24/24
 27307 | Swamp:4  | Identified the +6 scale mail "Zuikab Mee" {Will+ MP+9 Str-5
                  | Dex+6}
 27380 | Swamp:4  | Got a decaying rune of Zot
 27952 | Spider:1 | Entered Level 1 of the Spider Nest
 29507 | Spider:2 | Noticed Donald
 29553 | Spider:1 | Killed Donald
 31405 | Spider:3 | Reached XP level 18. HP: 98/122 MP: 26/26
 32362 | Spider:4 | Entered Level 4 of the Spider Nest
 32477 | Spider:3 | Noticed Agnes
 32491 | Spider:3 | Killed Agnes
 33124 | Spider:4 | Reached skill level 15 in Shields
 33264 | Spider:4 | Found the +8 demon blade "Leech" {vamp, Harm Drain rN+}
 33724 | Spider:4 | Gained mutation: Your spells are a little harder to cast,
                  | but a little more powerful. [mutagenic glow]
 34639 | Spider:4 | Found the +3 pair of seven-league boots {Rampage+∞}
 34662 | Spider:4 | Identified the +0 pair of boots "Heeji" {SInv}
 34760 | Spider:4 | Got a gossamer rune of Zot
 35033 | D:15     | Entered Level 15 of the Dungeon
 35216 | D:15     | Noticed Louise
 35247 | D:15     | Killed Louise
 35320 | D:15     | Identified the +5 chain mail of Midnight {Rampage rF+
                  | Str+5}
 35501 | D:15     | Reached XP level 19. HP: 131/131 MP: 27/27
 35508 | D:15     | Found a staircase to the Depths.
 35851 | Vaults:1 | Entered Level 1 of the Vaults
 36495 | Vaults:1 | Noticed Asterion
 36510 | Vaults:1 | Killed Asterion
 37038 | Vaults:1 | HP: 2/133 [vault warden/+0 great mace (47)]
 37175 | Vaults:1 | Found Liharphuf's Magic Scroll Boutique.
 37827 | Vaults:2 | Found a white marble altar of Elyvilon.
 37827 | Vaults:2 | Found a crumbling gateway.
 37827 | Vaults:2 | Found a glowing silver altar of Zin.
 37917 | Vaults:2 | Found a glowing golden altar of the Shining One.
 37934 | Desolati | Entered the Desolation of Salt
 38063 | Desolati | Reached XP level 20. HP: 104/139 MP: 29/29
 38112 | Desolati | Identified the +4 chain mail of the Ten Artists {Regen+}
 38202 | Desolati | Got the Collected Works on the Frostbite and Execration
 38232 | Desolati | Identified the +3 shortbow of the Harvest {flame, rPois
                  | rF++ Str+2}
 38511 | Desolati | Reached skill level 10 in Dodging
 38514 | Desolati | Identified the +13 pearl dragon scales of Winter {+Blink
                  | rN+ Will+ Int+3 Dex+2}
 38529 | Desolati | Identified the +3 leather armour "Heecaepakh" {MP+9}
 38545 | Desolati | Identified the ring of the Coward {rC+ rN+++ Will+ Str-2
                  | Dex+4}
 38746 | Desolati | Identified the +6 hunting sling of Niveth {freeze, rN++}
 38750 | Desolati | Identified the ring "Osoilox" {MP+9 Str+2 Slay+4}
 39200 | Vaults:2 | Reached skill level 1 in Evocations
 39310 | Vaults:2 | Identified the +4 ring mail "Udgheigro" {Drain Dex+3
                  | Stlth+}
 41096 | Vaults:3 | Reached skill level 15 in Armour
 41634 | Vaults:3 | Reached XP level 21. HP: 133/146 MP: 30/30
 42042 | Vaults:3 | Found a staircase to the Crypt.
 42920 | Vaults:4 | Reached skill level 10 in Throwing
 43331 | Vaults:4 | HP: 4/147 [ettin/+0 dire flail (26)]
 43668 | Vaults:3 | Cast into level 3 of the Abyss (tengu reaver)
 43715 | Vaults:3 | Escaped the Abyss
 44468 | Elf:1    | Entered Level 1 of the Elven Halls
 44683 | Elf:1    | Paralysed by an air elemental for 1 turns
 45091 | Elf:1    | You are sucked into a shaft and drop 1 floor!
 45095 | Elf:2    | Found a runed translucent gate.
 45095 | Elf:2    | Found a runed translucent gate.
 45095 | Elf:2    | Found a runed translucent gate.
 45505 | Elf:1    | Reached XP level 22. HP: 126/155 MP: 32/32
 46129 | Elf:2    | Paralysed by an air elemental for 1 turns
 46991 | Elf:3    | Entered Level 3 of the Elven Halls
 47535 | Elf:2    | Paralysed by an air elemental for 1 turns
 48224 | Elf:3    | Found a gateway to a bazaar.
 48234 | Bazaar   | Entered a bazaar
 48234 | Bazaar   | Found Viaz Quy's Distillery.
 48234 | Bazaar   | Found Cidelifesi's Armour Emporium.
 48235 | Bazaar   | Found Hoskun's Magic Scroll Shoppe.
 48235 | Bazaar   | Found Vohij's Distillery.
 48245 | Bazaar   | Bought a scroll of acquirement for 364 gold pieces
 48250 | Bazaar   | Bought a potion of mutation for 72 gold pieces
 48250 | Bazaar   | Bought a potion of heal wounds for 45 gold pieces
 48256 | Bazaar   | Bought the +1 cloak of Starlight {*Dazzle EV+4 Stlth--} for
                  | 488 gold pieces
 48256 | Bazaar   | Found the +1 cloak of Starlight {*Dazzle EV+4 Stlth--}
 48260 | Bazaar   | Bought a potion of heal wounds for 55 gold pieces
 48260 | Bazaar   | Bought a potion of mutation for 88 gold pieces
 48260 | Bazaar   | Acquired a +1 eveningstar of holy wrath
 48785 | Elf:3    | Identified the +5 hand axe "Qigoifia" {flame, rElec}
 48785 | Elf:3    | Identified the ring of Devotion {Will++ Dex+6}
 48840 | Elf:3    | Got the Almanac of Flamy Evil
 48867 | Elf:3    | Got the Handbook of Flight
 48893 | Elf:3    | Got Atoce's Reference Book on Companions
 48952 | Elf:3    | Identified the +5 spear "Vuh Qeoh" {antimagic, Will+ Str+6}
 48962 | Elf:3    | Reached skill level 5 in Evocations
 49457 | Crypt:1  | Entered Level 1 of the Crypt
 49574 | Crypt:1  | Noticed Boris
 49600 | Crypt:1  | Killed Boris
 49998 | Crypt:1  | Reached XP level 23. HP: 161/161 MP: 33/33
 50066 | Crypt:1  | Found a transporter.
 50244 | Crypt:1  | Found a transporter.
 50345 | Crypt:1  | Noticed an ancient lich
 50345 | Crypt:1  | Noticed a dread lich
 51218 | Crypt:3  | Entered Level 3 of the Crypt
 51306 | Crypt:3  | Found a magical portal.
 51319 | WizLab   | Entered Lehudib's Moon Base
 51391 | WizLab   | Found a transporter.
 52213 | WizLab   | Found a transporter.
 52429 | WizLab   | Identified the +3 plate armour of Sin {Int+3}
 52432 | WizLab   | Identified the +2 flail of Pandemonium {freeze, rPois rF+}
 53003 | Crypt:3  | Found an ancient bone altar of Kikubaaqudgha.
 53198 | Crypt:3  | Found a basalt altar of Yredelemnul.
 53368 | Crypt:3  | Found a staircase to the Tomb.
 54021 | D:6      | Killed Foxy's ghost
 54022 | D:6      | Killed spaghetti's ghost
 54023 | D:6      | Killed lesaewzxc's ghost
 54026 | D:6      | Killed chopper's ghost
 54133 | D:8      | Killed OTABOTABOTAB's ghost
 54301 | Lair:1   | Killed Gelos's ghost
 54324 | Lair:2   | Reached XP level 24. HP: 169/169 MP: 34/34
 54574 | Swamp:2  | Killed Roxanne
 54790 | Depths:1 | Entered Level 1 of the Depths
 54875 | Depths:1 | Found a one-way gate to the infinite horrors of the Abyss.
 54920 | Depths:1 | Found a one-way gateway to a ziggurat.
 55160 | Depths:1 | Noticed a caustic shrike
 55160 | Depths:1 | Noticed a caustic shrike
 55161 | Depths:1 | Noticed a caustic shrike
 55161 | Depths:1 | Noticed a caustic shrike
 55162 | Depths:1 | Noticed a caustic shrike
 55176 | Depths:1 | Killed a caustic shrike
 55709 | Depths:1 | Found a blossoming altar of Fedhas.
 55759 | Depths:1 | Killed a caustic shrike
 55783 | Depths:1 | Killed a caustic shrike
 55837 | Depths:1 | Killed a caustic shrike
 55854 | Depths:1 | Killed a caustic shrike
 55973 | Depths:1 | Noticed a caustic shrike
 55973 | Depths:1 | Noticed a caustic shrike
 55975 | Depths:1 | Noticed a caustic shrike
 55982 | Depths:1 | Killed a caustic shrike
 56186 | Depths:1 | Found a gateway to Hell.
 56342 | Depths:1 | Killed a caustic shrike
 56348 | Depths:1 | Killed a caustic shrike
 56349 | Depths:1 | Reached skill level 15 in Invocations
 56377 | Depths:1 | Identified the +4 ring mail of Nice Liberty {rPois rN+
                  | Will- Str+3}
 56616 | Depths:1 | Noticed a juggernaut
 56634 | Depths:1 | Killed a juggernaut
 58418 | Depths:2 | Found a one-way gate leading to the halls of Pandemonium.
 58537 | Depths:3 | Reached XP level 25. HP: 168/176 MP: 34/34
 59961 | Depths:3 | Noticed Xtahua
 59992 | Depths:3 | Killed Xtahua
 60301 | Depths:4 | Entered Level 4 of the Depths
 60524 | Depths:4 | Noticed Frederick
 60542 | Depths:3 | Killed Frederick
 60967 | Depths:4 | Found a shadowy altar of Dithmenos.
 61471 | Depths:4 | Found a gate to the Realm of Zot.
 61650 | Depths:4 | Found Xaura's Jewellery Shoppe.
 61650 | Depths:4 | Found Weogy's Book Shop.
 61651 | Depths:4 | Found Egucaimp's Book Shop.
 61658 | Depths:4 | Bought the ring "Onirr" {Fire rCorr Int+3 SInv} for 1106
                  | gold pieces
 62100 | Slime:1  | Entered Level 1 of the Pits of Slime
 62305 | Slime:1  | Found a viscous altar of Jiyva.
 62922 | Slime:2  | You are sucked into a shaft and drop 1 floor!
 64457 | Slime:4  | Reached XP level 26. HP: 176/184 MP: 34/34
 64745 | Slime:5  | Entered Level 5 of the Pits of Slime
 64974 | Slime:5  | Noticed the Royal Jelly
 65937 | Slime:5  | Found a viscous altar of Jiyva.
 66091 | Slime:5  | Killed the Royal Jelly
 66138 | Slime:5  | Identified the ring of Immorality {rElec rF+ rN+}
 66228 | Slime:5  | Identified the +3 leather armour of Fedhas, Forging {rElec
                  | rF+}
 66231 | Slime:5  | Got Theurgy, Part Five
 66241 | Slime:5  | Identified the +1 leather armour of Apathy {Contam rF++ rC+
                  | Str+4}
 66251 | Slime:5  | Identified the +2 glaive "Kolek" {flame, rElec rCorr Int+3}
 66274 | Slime:5  | Identified the +0 spear of Poverty {freeze, rN+ Will+ SInv
                  | Stlth-}
 66289 | Slime:5  | Identified the +8 plate armour of Recklessness {Str+4
                  | Int+4}
 66291 | Slime:5  | Got the Almanac of Supportive Clay
 66319 | Slime:5  | Got a slimy rune of Zot
 66830 | Vaults:5 | Entered Level 5 of the Vaults
 66834 | Vaults:5 | Noticed Saint Roka
 67178 | Crypt:1  | Killed an ancient lich
 67186 | Crypt:1  | Killed a dread lich
 67211 | Crypt:1  | Identified the ring of Honleut {rElec AC+4}
 67224 | Crypt:1  | Identified the amulet "Woate Zirre" {rElec Regen+ Dex+4}
 67228 | Crypt:1  | Identified the +9 hand axe of Youthful Indiscretion {drain,
                  | Int+6 SInv Stlth+}
 67445 | Vaults:4 | Killed Saint Roka
 67620 | Vaults:5 | Noticed a dread lich
 67682 | Vaults:5 | Killed a dread lich
 68898 | Vaults:5 | Noticed Mennas
 68917 | Vaults:4 | Killed Mennas
 68918 | Vaults:4 | Reached XP level 27. HP: 165/191 MP: 35/35
 69267 | Vaults:5 | Identified the +8 spear "Goelasche" {speed, +Blink rPois
                  | rF++ Str-3}
 69295 | Vaults:5 | Identified the +8 great sword "Limuissi" {freeze, rCorr
                  | Dex+4}
 69652 | Vaults:5 | Got a silver rune of Zot
 69685 | Vaults:5 | Identified the +1 long sword of the Spider {vorpal, Fly
                  | rPois rN+ Str+2}
 69941 | Vaults:5 | Identified the +3 leather armour of Tenacity {Str+2}
 70444 | Zot:1    | Entered Level 1 of the Realm of Zot
 70847 | Zot:1    | Found the +4 dragonskin cloak
 70847 | Zot:1    | Noticed Tiamat
 71136 | Depths:4 | Killed Tiamat
 72482 | Zot:1    | You are sucked into a shaft and drop 1 floor!
 72483 | Zot:2    | Noticed an orb of fire
 73804 | Zot:2    | Killed an orb of fire
 76064 | Zot:3    | Identified the amulet "Lunen" {Faith +Blink rPois Will+}
 76298 | Zot:3    | Reached skill level 10 in Evocations
 77884 | Zot:4    | Identified the +1 leather armour of Lesser Demons {-Cast
                  | Rampage Str+6}
 78461 | Zot:5    | Entered Level 5 of the Realm of Zot
 79100 | Zot:5    | Noticed a dread lich
 79114 | Zot:5    | Killed a dread lich
 79398 | Zot:5    | Noticed an orb of fire
 79407 | Zot:5    | Noticed an orb of fire
 79423 | Zot:5    | Noticed an ancient lich
 79549 | Zot:5    | Killed an ancient lich
 79570 | Zot:5    | Killed an orb of fire
 79571 | Zot:5    | Reached skill level 27 in Shields
 79600 | Zot:5    | Killed an orb of fire
 79924 | Zot:5    | Noticed an orb of fire
 79950 | Zot:5    | Killed an orb of fire
 79966 | Zot:5    | Noticed an ancient lich
 79979 | Zot:5    | Killed an ancient lich
 79995 | Zot:5    | Noticed an orb of fire
 80301 | Zot:5    | Killed an orb of fire
 80747 | Hell     | Entered the Vestibule of Hell
 80748 | Hell     | Noticed Geryon
 81050 | Hell     | Noticed Murray
 81304 | Depths:4 | Killed Murray
 82310 | Hell     | Killed Geryon
 82585 | Hell     | Found a gateway to the ashen valley of Gehenna.
 82650 | Hell     | Found a gateway to the Iron City of Dis.
 82774 | Hell     | Found a gateway to the decaying netherworld of Tartarus.
 82877 | Hell     | Found a gateway to the freezing wastes of Cocytus.
 83365 | Tomb:1   | Entered Level 1 of the Tomb of the Ancients
 83919 | Tomb:1   | Noticed Khufu
 83924 | Tomb:1   | Noticed a royal mummy
 83924 | Tomb:1   | Noticed a royal mummy
 84203 | Tomb:1   | Killed a royal mummy
 84204 | Tomb:1   | Reached skill level 15 in Dodging
 84246 | Tomb:1   | Noticed a royal mummy
 84251 | Tomb:1   | Killed a royal mummy
 84296 | Tomb:1   | Identified the +3 dire flail of the End {flame, rC- Str+5
                  | Dex+4 SInv}
 84380 | Tomb:1   | Killed a royal mummy
 84386 | Tomb:1   | Killed Khufu
 84457 | Tomb:1   | Noticed a royal mummy
 84463 | Tomb:1   | Killed a royal mummy
 85343 | Pan      | Entered Pandemonium
 85661 | Pan      | Identified the +6 scale mail of the Apprentice {Int+3
                  | Stlth+}
 85821 | Pan      | Found an exit through the horrors of the Abyss.
 86828 | Pan      | Noticed Jonenn the pandemonium lord
 86837 | Pan      | Killed Jonenn the pandemonium lord
 86871 | Pan      | Reached skill level 27 in Fighting
 87246 | Depths:2 | Escaped Pandemonium
 87252 | Pan      | Entered Pandemonium
 87269 | Pan      | Noticed Lukoshops the pandemonium lord
 87281 | Pan      | Killed Lukoshops the pandemonium lord
 87298 | Pan      | Reached skill level 15 in Throwing
 87930 | Pan      | Noticed Sihoa the pandemonium lord
 87949 | Pan      | Killed Sihoa the pandemonium lord
 88618 | Pan      | Found an exit through the horrors of the Abyss.
 89204 | Pan      | Noticed Teczeul the pandemonium lord
 89268 | Pan      | Acquired the amulet of Vitality {Regen+ HP+15}
 89268 | Pan      | Found the amulet of Vitality {Regen+ HP+15}
 90245 | Pan      | Killed Teczeul the pandemonium lord
 90251 | Pan      | Got a demonic rune of Zot
 90252 | Pan      | Identified the ring of Suicidal Tendencies {+Blink AC+4
                  | Dex+3}
 90817 | Pan      | Noticed Juicoceevo the pandemonium lord
 90826 | Pan      | Killed Juicoceevo the pandemonium lord
 90828 | Pan      | Identified the +5 hand crossbow of the Grave {venom, Int+3
                  | Dex+2 Stlth-}
 91279 | Pan      | Found an exit through the horrors of the Abyss.
 91285 | Pan      | Noticed Gyrph the pandemonium lord
 91296 | Pan      | Killed Gyrph the pandemonium lord
 91939 | Pan      | Found a glowing silver altar of Zin.
 92002 | Pan      | Identified the +4 hand crossbow of Malaise {venom, Drain
                  | rPois Will- Str+6}
 92257 | Pan      | Found a white marble altar of Elyvilon.
 93203 | Pan      | Identified the +5 tower shield of Shielding {Harm rF++ rC+
                  | rCorr}
 93527 | Pan      | Reached skill level 27 in Maces & Flails
 94171 | Pan      | Cast into level 2 of the Abyss (cherub)
 94183 | Pan      | Escaped the Abyss
 94372 | Pan      | Noticed a seraph
 94393 | Pan      | Killed a seraph
 94447 | Pan      | Found a glowing golden altar of the Shining One.
 94886 | Pan      | Identified the -5 tower shield of the Minstrel {Slay+3}
 98512 | Pan      | Identified the -5 tower shield of Discretion {rCorr Str+2}
 99517 | Pan      | Identified the +2 tower shield of Bycwouna {rCorr Int+3
                  | Dex-2 Stlth+}
100141 | Pan      | Identified the +0 buckler "Kowy" {+Inv rElec rPois Will++}
101511 | Pan      | Identified the +0 tower shield of Disaster {Will+ rCorr}
101632 | Pan      | Found a glowing golden altar of the Shining One.
101937 | Pan      | Found a white marble altar of Elyvilon.
102110 | Pan      | Identified the +5 tower shield of Altruism {Str+3 SInv}
102160 | Pan      | Found a glowing silver altar of Zin.
103034 | Pan      | Found a white marble altar of Elyvilon.
103852 | Pan      | Found a glowing silver altar of Zin.
104256 | Pan      | Found a white marble altar of Elyvilon.
104862 | Pan      | Found a glowing golden altar of the Shining One.
105173 | Pan      | Found a white marble altar of Elyvilon.
105434 | Pan      | Identified the +1 buckler of Time Monsters {rF+ Dex+4}
105436 | Pan      | Found a glowing silver altar of Zin.
106254 | Pan      | Found a glowing silver altar of Zin.
106722 | Pan      | Found a white marble altar of Elyvilon.
107050 | Pan      | Found a glowing golden altar of the Shining One.
107537 | Pan      | Found a white marble altar of Elyvilon.
107861 | Pan      | Found a glowing silver altar of Zin.
108458 | Pan      | Found a white marble altar of Elyvilon.
108823 | Pan      | Found a glowing silver altar of Zin.
108926 | Pan      | Found a glowing golden altar of the Shining One.
109221 | Pan      | Identified the +5 tower shield of Udouryjable {rPois rC-
                  | Will+++ Dex-5}
109848 | Pan      | Found a white marble altar of Elyvilon.
110503 | Pan      | Found a glowing silver altar of Zin.
110709 | Pan      | Found a white marble altar of Elyvilon.
110939 | Pan      | Found a glowing golden altar of the Shining One.
111841 | Pan      | Found a white marble altar of Elyvilon.
112011 | Pan      | Identified the -11 tower shield "Xaoqagan" {Str+5 Int+3}
112286 | Pan      | Found a glowing silver altar of Zin.
112867 | Pan      | Found a white marble altar of Elyvilon.
113057 | Pan      | Found a glowing silver altar of Zin.
113563 | Pan      | Found a glowing golden altar of the Shining One.
114017 | Pan      | Found a white marble altar of Elyvilon.
114391 | Pan      | Found a glowing silver altar of Zin.
114901 | Pan      | Found a white marble altar of Elyvilon.
115113 | Pan      | Found a glowing golden altar of the Shining One.
115840 | Pan      | Found a glowing silver altar of Zin.
116231 | Pan      | Found a white marble altar of Elyvilon.
116898 | Pan      | Found a glowing silver altar of Zin.
117130 | Pan      | Found a glowing golden altar of the Shining One.
117353 | Pan      | Found a white marble altar of Elyvilon.
117720 | Pan      | Found a glowing silver altar of Zin.
118235 | Depths:2 | Escaped Pandemonium
118245 | Pan      | Entered Pandemonium
118381 | Pan      | Found a runed translucent door.
118410 | Pan      | Found a runed translucent door.
118415 | Pan      | Found a runed translucent door.
118434 | Pan      | Found a runed translucent door.
119057 | Pan      | Noticed Lips the pandemonium lord
119061 | Pan      | Killed Lips the pandemonium lord
119095 | Pan      | Identified the ring of Ogru {rPois rF+}
119106 | Pan      | Entered the realm of Cerebov.
120023 | Pan      | Found the +6 sword of Cerebov {flame}
120023 | Pan      | Noticed Cerebov
120063 | Pan      | Killed Cerebov
120138 | Pan      | Identified the ring "Bomelo Athao" {rElec Str+4 Int+6}
120164 | Pan      | Identified the amulet "Baez" {Spirit rCorr Str-4 Dex+4}
120195 | Pan      | Identified the +0 pair of boots of Levity {rPois rF+ Int+5}
120198 | Pan      | Identified the ring "Hiyw" {Contam Will+ Str+4 Dex+6}
120248 | Pan      | Identified the ring of Xeonax {Wiz Dex+3}
120333 | Pan      | Got a fiery rune of Zot
120387 | Pan      | Entered the realm of Gloorx Vloq.
120490 | Pan      | Noticed Gloorx Vloq
121283 | Pan      | Killed Gloorx Vloq
121330 | Pan      | Got a dark rune of Zot
121458 | Pan      | Entered the realm of Mnoleg.
121458 | Pan      | Found an exit through the horrors of the Abyss.
121780 | Pan      | Noticed Mnoleg
121810 | Pan      | Killed Mnoleg
121870 | Pan      | Got a glowing rune of Zot
122283 | Pan      | Entered the realm of Lom Lobon.
123217 | Pan      | Noticed Lom Lobon
123234 | Pan      | Killed Lom Lobon
123299 | Pan      | Got a magical rune of Zot
123797 | Pan      | Noticed Ignacio
123808 | Pan      | Killed Ignacio
124280 | Pan      | Found an exit through the horrors of the Abyss.
124753 | Pan      | Noticed Qeation the pandemonium lord
124771 | Pan      | Killed Qeation the pandemonium lord
125332 | Pan      | Noticed Nyfrumuoj the pandemonium lord
125340 | Pan      | Killed Nyfrumuoj the pandemonium lord
125460 | Pan      | Found an exit through the horrors of the Abyss.
126137 | Pan      | Noticed Lemaf the pandemonium lord
126183 | Pan      | Killed Lemaf the pandemonium lord
126257 | Pan      | Found an exit through the horrors of the Abyss.
126403 | Pan      | Identified the +1 robe of Minor Irritation {rF+ Will- Dex+5
                  | Slay+3}
126619 | Depths:2 | Escaped Pandemonium
126627 | Pan      | Entered Pandemonium
126726 | Pan      | Noticed Usaddio the pandemonium lord
126741 | Pan      | Killed Usaddio the pandemonium lord
126898 | Pan      | Found an exit through the horrors of the Abyss.
127445 | Pan      | Acquired the +0 cloak "Soirucyu" {rC- Slay+5}
128403 | Pan      | Noticed Roorailoa the pandemonium lord
128420 | Pan      | Killed Roorailoa the pandemonium lord
128816 | Pan      | Found an exit through the horrors of the Abyss.
129129 | Pan      | Reached skill level 27 in Dodging
129454 | Pan      | Noticed Umoaj the pandemonium lord
129458 | Pan      | Killed Umoaj the pandemonium lord
129577 | Pan      | Found an exit through the horrors of the Abyss.
130198 | Pan      | Found a transporter.
130274 | Pan      | Found a transporter.
130687 | Pan      | Identified the ring "Qaciazxu" {rElec rC+ rCorr}
130721 | Pan      | Identified the amulet "Fesa" {Acrobat +Inv rPois Will+}
131114 | Pan      | Noticed Bimem the pandemonium lord
131133 | Pan      | Killed Bimem the pandemonium lord
131213 | Pan      | Found an exit through the horrors of the Abyss.
131724 | Depths:2 | Escaped Pandemonium
131730 | Pan      | Entered Pandemonium
131847 | Pan      | Noticed Beocuof the pandemonium lord
131877 | Pan      | Killed Beocuof the pandemonium lord
132074 | Pan      | Found an exit through the horrors of the Abyss.
132675 | Pan      | Found a runed translucent door.
132679 | Pan      | Found a runed translucent door.
132686 | Pan      | Found a runed translucent door.
132686 | Pan      | Found a runed translucent door.
132787 | Pan      | Reached skill level 27 in Armour
133201 | Pan      | Found an exit through the horrors of the Abyss.
133292 | Pan      | Noticed Vopsitio the pandemonium lord
133595 | Pan      | Killed Vopsitio the pandemonium lord
133967 | Pan      | Found a runed translucent door.
133976 | Pan      | Found a runed translucent door.
133976 | Pan      | Found a runed translucent door.
134125 | Pan      | Found a runed translucent door.
134835 | Pan      | Noticed Nugeff the pandemonium lord
134856 | Pan      | Killed Nugeff the pandemonium lord
134892 | Pan      | Got the Disquisition on Shifting Conjuration
135217 | Pan      | Noticed Sep Nets the pandemonium lord
135225 | Pan      | Killed Sep Nets the pandemonium lord
135914 | Pan      | Found an exit through the horrors of the Abyss.
136700 | Pan      | Noticed Gorafim the pandemonium lord
136706 | Pan      | Killed Gorafim the pandemonium lord
136770 | Pan      | Found an exit through the horrors of the Abyss.
137560 | Pan      | Found an exit through the horrors of the Abyss.
137890 | Pan      | Noticed Peudouss the pandemonium lord
137897 | Pan      | Killed Peudouss the pandemonium lord
138232 | Pan      | Identified the +0 cloak of the Desolation of Salt {rCorr
                  | Str-3 Int+8}
138526 | Pan      | Noticed Xerymmuo the pandemonium lord
138540 | Pan      | Identified the +0 tower shield "Ogit" {Int+4}
138643 | Pan      | Killed Xerymmuo the pandemonium lord
139255 | Pan      | Identified the +3 plate armour "Ywe Otua" {Harm}
139502 | Pan      | Found an exit through the horrors of the Abyss.
139790 | Pan      | Noticed Husolet the pandemonium lord
139799 | Pan      | Killed Husolet the pandemonium lord
140536 | Pan      | Reached skill level 27 in Invocations
140607 | Pan      | Found an exit through the horrors of the Abyss.
140661 | Pan      | Noticed Ellen the pandemonium lord
140673 | Pan      | Killed Ellen the pandemonium lord
140842 | Pan      | Identified the +2 dire flail of Vanity {vorpal, *Noise
                  | rElec Dex+4}
141384 | Pan      | Found an exit through the horrors of the Abyss.
141539 | Pan      | Noticed Iratac the pandemonium lord
141543 | Pan      | Killed Iratac the pandemonium lord
141950 | Pan      | Noticed Uloggie the pandemonium lord
141964 | Pan      | Killed Uloggie the pandemonium lord
142023 | Pan      | Found an exit through the horrors of the Abyss.
143100 | Pan      | Noticed Itol the pandemonium lord
143109 | Pan      | Killed Itol the pandemonium lord
143546 | Depths:2 | Escaped Pandemonium
143549 | Pan      | Entered Pandemonium
143620 | Pan      | Identified the +0 leather armour "Nuostiuch" {Int+3}
143822 | Pan      | Found a huge runed translucent gate.
143822 | Pan      | Found a huge runed translucent gate.
143822 | Pan      | Found a huge runed translucent gate.
143822 | Pan      | Found a huge runed translucent gate.
143824 | Pan      | Found a huge runed translucent gate.
143904 | Pan      | Found an exit through the horrors of the Abyss.
144038 | Pan      | Found a huge runed translucent gate.
144038 | Pan      | Found a huge runed translucent gate.
144047 | Pan      | Noticed Boluts the pandemonium lord
144103 | Pan      | Killed Boluts the pandemonium lord
144167 | Pan      | Found an exit through the horrors of the Abyss.
144339 | Pan      | Noticed Luikkigy the pandemonium lord
144351 | Pan      | Killed Luikkigy the pandemonium lord
144986 | Pan      | Noticed Vous the pandemonium lord
144997 | Pan      | Killed Vous the pandemonium lord
145373 | Pan      | Found an exit through the horrors of the Abyss.
145959 | Pan      | Noticed Miabryo the pandemonium lord
145967 | Pan      | Killed Miabryo the pandemonium lord
145979 | Pan      | Reached skill level 27 in Throwing
145984 | Pan      | Upgraded the game from 0.29-a0-375-g5102b3be25 to
                  | 0.29-a0-378-gc08b2e8bf8
146094 | Pan      | Reached skill level 1 in Axes
146360 | Pan      | Found an exit through the horrors of the Abyss.
146606 | Pan      | Noticed Moraciss the pandemonium lord
146617 | Pan      | Killed Moraciss the pandemonium lord
146625 | Pan      | Reached skill level 5 in Axes
147533 | Pan      | Noticed Haiw the pandemonium lord
147544 | Pan      | Killed Haiw the pandemonium lord
147611 | Pan      | Found an exit through the horrors of the Abyss.
147880 | Pan      | Reached skill level 10 in Axes
147894 | Pan      | Noticed Jafau the pandemonium lord
147909 | Pan      | Killed Jafau the pandemonium lord
148291 | Pan      | Found an exit through the horrors of the Abyss.
148409 | Pan      | Noticed a dread lich
148409 | Pan      | Noticed a dread lich
148428 | Pan      | Killed a dread lich
148435 | Pan      | Killed a dread lich
148436 | Pan      | Found an opulent altar of Gozag.
148457 | Pan      | Found Bimish's Book Emporium.
148458 | Pan      | Found Bimish's Jewellery Boutique.
148475 | Pan      | Found an opulent altar of Gozag.
148477 | Pan      | Noticed Bimish the pandemonium lord
148500 | Pan      | Found an opulent altar of Gozag.
148500 | Pan      | Found Bimish's Superb Hardware.
148502 | Pan      | Found Bimish's Rarities Hole.
148661 | Pan      | Killed Bimish the pandemonium lord
148765 | Pan      | Bought the ring of Isiofeth {rF+ rN+ Dex+3} for 604 gold
                  | pieces
148827 | Pan      | Bought a book of the Dragon for 874 gold pieces
148827 | Pan      | Bought a manual of Air Magic for 1520 gold pieces
149453 | Depths:2 | Escaped Pandemonium
149456 | Pan      | Entered Pandemonium
149598 | Pan      | Noticed Egoluik the pandemonium lord
149605 | Pan      | Killed Egoluik the pandemonium lord
150369 | Pan      | Noticed Nahaggit the pandemonium lord
150392 | Pan      | Reached skill level 15 in Axes
150455 | Pan      | Killed Nahaggit the pandemonium lord
151086 | Pan      | Found an exit through the horrors of the Abyss.
151268 | Pan      | Found an exit through the horrors of the Abyss.
151819 | Pan      | Noticed Husaahot the pandemonium lord
151832 | Pan      | Killed Husaahot the pandemonium lord
152092 | Pan      | Noticed Ciaci the pandemonium lord
152104 | Pan      | Killed Ciaci the pandemonium lord
152723 | Pan      | Noticed Vohatug the pandemonium lord
152776 | Pan      | Killed Vohatug the pandemonium lord
153025 | Pan      | Found an exit through the horrors of the Abyss.
153662 | Pan      | Identified the +11 whip of Uncertain Death {drain, Fly
                  | Str+2 SInv}
153679 | Pan      | Found an exit through the horrors of the Abyss.
153741 | Pan      | Noticed Dinuumag the pandemonium lord
153749 | Pan      | Killed Dinuumag the pandemonium lord
154175 | Pan      | Found an exit through the horrors of the Abyss.
154178 | Pan      | Noticed Weosuap the pandemonium lord
154369 | Pan      | Killed Weosuap the pandemonium lord
154861 | Pan      | Found an exit through the horrors of the Abyss.
155152 | Pan      | Noticed Fiat the pandemonium lord
155165 | Pan      | Killed Fiat the pandemonium lord
155857 | Pan      | Noticed Rekaquf the pandemonium lord
155869 | Pan      | Killed Rekaquf the pandemonium lord
156426 | Pan      | Found an exit through the horrors of the Abyss.
156578 | Depths:2 | Escaped Pandemonium
156604 | Pan      | Entered Pandemonium
156802 | Pan      | Found an exit through the horrors of the Abyss.
157205 | Pan      | Noticed Qenud the pandemonium lord
157211 | Pan      | Killed Qenud the pandemonium lord
157672 | Pan      | Noticed Zysaziagg the pandemonium lord
157689 | Pan      | Killed Zysaziagg the pandemonium lord
157759 | Pan      | Found an exit through the horrors of the Abyss.
158151 | Pan      | Identified the +1 buckler of Uhio {Rampage rC+ rCorr Int+2}
158264 | Pan      | Reached skill level 1 in Stealth
158471 | Pan      | Noticed Suvofy the pandemonium lord
158484 | Pan      | Killed Suvofy the pandemonium lord
158485 | Pan      | Reached skill level 5 in Stealth
158851 | Depths:2 | Escaped Pandemonium
159641 | Pan      | Entered Pandemonium
159651 | Pan      | Noticed Zirph the pandemonium lord
159676 | Pan      | Killed Zirph the pandemonium lord
160200 | Pan      | Reached skill level 10 in Stealth
160416 | Pan      | Noticed Tigg the pandemonium lord
160426 | Pan      | Found an exit through the horrors of the Abyss.
160491 | Pan      | Killed Tigg the pandemonium lord
161292 | Pan      | Noticed Taebb the pandemonium lord
161308 | Pan      | Killed Taebb the pandemonium lord
161385 | Pan      | Found an exit through the horrors of the Abyss.
161868 | Pan      | Noticed Seugolau the pandemonium lord
161874 | Pan      | Killed Seugolau the pandemonium lord
162114 | Pan      | Found an exit through the horrors of the Abyss.
162345 | Pan      | Reached skill level 15 in Stealth
162567 | Pan      | Noticed Wugufat the pandemonium lord
162578 | Pan      | Killed Wugufat the pandemonium lord
163811 | Pan      | Noticed Soxkol the pandemonium lord
163912 | Pan      | Found an exit through the horrors of the Abyss.
164005 | Pan      | Killed Soxkol the pandemonium lord
165162 | Pan      | Found an exit through the horrors of the Abyss.
165222 | Pan      | Noticed Vaahue the pandemonium lord
165247 | Pan      | Killed Vaahue the pandemonium lord
165517 | Pan      | Noticed Laorrat the pandemonium lord
165530 | Pan      | Killed Laorrat the pandemonium lord
166018 | Pan      | Found an exit through the horrors of the Abyss.
166130 | Pan      | Noticed Qafrock the pandemonium lord
166135 | Pan      | Killed Qafrock the pandemonium lord
167271 | Pan      | Noticed Idweatog the pandemonium lord
167293 | Pan      | Killed Idweatog the pandemonium lord
168309 | Pan      | Noticed Weotanwu the pandemonium lord
168484 | Pan      | Killed Weotanwu the pandemonium lord
168697 | Pan      | Identified the +2 arbalest of the Unspeakable One {elec,
                  | Fragile rN+++ MP+9}
169014 | Pan      | Found an exit through the horrors of the Abyss.
169052 | Pan      | Noticed Wiwk the pandemonium lord
169085 | Pan      | Killed Wiwk the pandemonium lord
169272 | Pan      | Identified the +9 hand axe of Pain and Death {spect,
                  | Will++}
170029 | Pan      | Noticed Vaumefio the pandemonium lord
170041 | Pan      | Killed Vaumefio the pandemonium lord
170199 | Pan      | Found an exit through the horrors of the Abyss.
170612 | Pan      | Found an exit through the horrors of the Abyss.
171054 | Pan      | Noticed Yvuone Uqowk the pandemonium lord
171078 | Pan      | Killed Yvuone Uqowk the pandemonium lord
171079 | Pan      | Reached skill level 27 in Stealth
171079 | Pan      | Reached skill level 1 in Spellcasting
171095 | Pan      | Identified the +1 pair of gloves of Igorchal {rElec Int-4
                  | Dex+3}
171387 | Pan      | Found an exit through the horrors of the Abyss.
171494 | Pan      | Reached skill level 5 in Spellcasting
171627 | Pan      | Noticed Dopliequ the pandemonium lord
171634 | Pan      | Killed Dopliequ the pandemonium lord
172209 | Pan      | Found an exit through the horrors of the Abyss.
172350 | Pan      | Noticed Futoroup the pandemonium lord
172380 | Pan      | Killed Futoroup the pandemonium lord
172416 | Pan      | Learned a level 9 spell: Shatter
172444 | Pan      | Learned a level 9 spell: Polar Vortex
172454 | Pan      | Learned a level 9 spell: Fire Storm
172465 | Pan      | Learned a level 9 spell: Dragon's Call
172475 | Pan      | Learned a level 9 spell: Chain Lightning
172495 | Pan      | Reached skill level 10 in Spellcasting
173003 | Pan      | Noticed Duetrail the pandemonium lord
173028 | Pan      | Killed Duetrail the pandemonium lord
173555 | Pan      | Found an exit through the horrors of the Abyss.
173628 | Pan      | Found an exit through the horrors of the Abyss.
173661 | Pan      | Identified the +1 war axe of Okawaru's Anger {venom, Dex+4}
174121 | Pan      | Noticed Kaerhual the pandemonium lord
174128 | Pan      | Killed Kaerhual the pandemonium lord
174303 | Pan      | Identified the +5 flail of Experimentation {venom, Str+4}
175573 | Pan      | Found an exit through the horrors of the Abyss.
175713 | Pan      | Identified the +0 pair of gloves "Qyathror" {rElec rF+}
175797 | Pan      | Found an exit through the horrors of the Abyss.
175919 | Pan      | Reached skill level 15 in Spellcasting
175955 | Pan      | Noticed Ixtiruak the pandemonium lord
175983 | Pan      | Killed Ixtiruak the pandemonium lord
176462 | Pan      | Found a runed translucent door.
176482 | Pan      | Found an exit through the horrors of the Abyss.
177025 | Pan      | Noticed Etatt the pandemonium lord
177035 | Pan      | Killed Etatt the pandemonium lord
177154 | Pan      | Found an exit through the horrors of the Abyss.
177424 | Pan      | Noticed Ygif the pandemonium lord
177456 | Pan      | Killed Ygif the pandemonium lord
177824 | Pan      | Noticed Ovuav the pandemonium lord
177893 | Pan      | Killed Ovuav the pandemonium lord
178598 | Pan      | Noticed Ynirou the pandemonium lord
178730 | Pan      | Killed Ynirou the pandemonium lord
179130 | Pan      | Noticed Lowoham the pandemonium lord
179137 | Pan      | Killed Lowoham the pandemonium lord
179187 | Pan      | Identified the +0 chain mail "Ywnof" {rC- Str+4 Dex+2 SInv}
179242 | Pan      | Found an exit through the horrors of the Abyss.
179730 | Pan      | Noticed Pipac the pandemonium lord
179745 | Pan      | Killed Pipac the pandemonium lord
180168 | Pan      | Found an exit through the horrors of the Abyss.
180404 | Pan      | Identified the +6 great sword of Ybluk {holy, *Noise rF+
                  | rC+ Stlth+}
180419 | Pan      | Found a runed translucent door.
180423 | Pan      | Noticed Saehepiq the pandemonium lord
180424 | Pan      | Found a runed translucent door.
180458 | Pan      | Killed Saehepiq the pandemonium lord
180499 | Pan      | Identified the +1 chain mail of Lukinic {Int+2}
180505 | Pan      | Found a runed translucent door.
180557 | Pan      | Found an exit through the horrors of the Abyss.
180638 | Pan      | Found a runed translucent door.
180953 | Depths:2 | Escaped Pandemonium
180957 | Pan      | Entered Pandemonium
181274 | Pan      | Noticed Miusm the pandemonium lord
181285 | Pan      | Killed Miusm the pandemonium lord
181758 | Pan      | Found a runed translucent door.
181780 | Pan      | Identified the +9 dire flail "Ilifiuky" {vorpal, rF+}
182038 | Pan      | Found an exit through the horrors of the Abyss.
182458 | Pan      | Noticed Sozuh the pandemonium lord
182464 | Pan      | Killed Sozuh the pandemonium lord
182639 | Pan      | Found an exit through the horrors of the Abyss.
182646 | Pan      | Identified the +3 spear "Ducesiu" {vorpal, rC+ Str+4}
183029 | Pan      | Acquired 706 gold pieces
183339 | Pan      | Noticed Ledoag the pandemonium lord
183349 | Pan      | Killed Ledoag the pandemonium lord
183519 | Pan      | Found an exit through the horrors of the Abyss.
183753 | Pan      | Acquired a manual of Polearms
183962 | Pan      | Noticed Ybierpha the pandemonium lord
183972 | Pan      | Killed Ybierpha the pandemonium lord
184483 | Pan      | Noticed Pyuxecs the pandemonium lord
184509 | Pan      | Killed Pyuxecs the pandemonium lord
184821 | Pan      | Found an exit through the horrors of the Abyss.
185153 | Pan      | Found a runed translucent door.
185233 | Pan      | Found a runed translucent door.
185238 | Pan      | Found a runed translucent door.
185300 | Pan      | Found an exit through the horrors of the Abyss.
185599 | Pan      | Found a runed translucent door.
185705 | Pan      | Noticed Nefosov the pandemonium lord
185719 | Pan      | Killed Nefosov the pandemonium lord
185769 | Pan      | Found an exit through the horrors of the Abyss.
185778 | Pan      | Noticed Qagoz the pandemonium lord
185788 | Pan      | Killed Qagoz the pandemonium lord
185817 | Pan      | Identified the ring "Xiepiuru" {rC+ Str+7}
186033 | Pan      | Identified the amulet "Laithrilu" {Harm Regen+ Str+5 Dex-2}
186611 | Depths:2 | Escaped Pandemonium
186615 | Pan      | Entered Pandemonium
186722 | Pan      | Noticed Hide the pandemonium lord
186903 | Pan      | Killed Hide the pandemonium lord
187009 | Pan      | Found an exit through the horrors of the Abyss.
187510 | Pan      | Noticed Teme the pandemonium lord
187524 | Pan      | Killed Teme the pandemonium lord
187718 | Pan      | Found an exit through the horrors of the Abyss.
188264 | Pan      | Reached skill level 27 in Spellcasting
188264 | Pan      | Reached skill level 1 in Ice Magic
188285 | Pan      | Noticed Vucar the pandemonium lord
188403 | Pan      | Killed Vucar the pandemonium lord
188404 | Pan      | Reached skill level 5 in Ice Magic
188591 | Pan      | Found an exit through the horrors of the Abyss.
189239 | Pan      | Reached skill level 10 in Ice Magic
189261 | Pan      | Noticed Owyuc the pandemonium lord
189279 | Pan      | HP: 7/199 [Owyuc the pandemonium lord/iron shot (51)]
189302 | Pan      | Killed Owyuc the pandemonium lord
189548 | Pan      | Found an exit through the horrors of the Abyss.
190144 | Pan      | Noticed Ysolad the pandemonium lord
190157 | Pan      | Killed Ysolad the pandemonium lord
190228 | Pan      | Found an exit through the horrors of the Abyss.
190683 | Pan      | Found an exit through the horrors of the Abyss.
190713 | Pan      | Found a huge runed translucent gate.
190714 | Pan      | Found a huge runed translucent gate.
190731 | Pan      | Reached skill level 15 in Ice Magic
190822 | Pan      | Found a huge runed translucent gate.
190822 | Pan      | Found a huge runed translucent gate.
190822 | Pan      | Found a huge runed translucent gate.
191161 | Pan      | Found a huge runed translucent gate.
191161 | Pan      | Found a huge runed translucent gate.
191181 | Pan      | Noticed Miulid the pandemonium lord
191464 | Pan      | Killed Miulid the pandemonium lord
191714 | Pan      | Noticed Duumenwo the pandemonium lord
191721 | Pan      | Killed Duumenwo the pandemonium lord
192263 | Pan      | Noticed Tisemof the pandemonium lord
192298 | Pan      | Killed Tisemof the pandemonium lord
192485 | Pan      | Found an exit through the horrors of the Abyss.
193084 | Pan      | Found an exit through the horrors of the Abyss.
193191 | Pan      | Noticed Runy the pandemonium lord
193217 | Pan      | Killed Runy the pandemonium lord
193936 | Pan      | Noticed Xeapnih the pandemonium lord
193957 | Pan      | Killed Xeapnih the pandemonium lord
194810 | Pan      | Found a huge runed translucent gate.
194817 | Pan      | Found a huge runed translucent gate.
194818 | Pan      | Found a huge runed translucent gate.
194819 | Pan      | Found a huge runed translucent gate.
195478 | Pan      | Found a huge runed translucent gate.
195478 | Pan      | Found a huge runed translucent gate.
195478 | Pan      | Found a huge runed translucent gate.
195521 | Pan      | Noticed Zinweeka the pandemonium lord
195563 | Pan      | Killed Zinweeka the pandemonium lord
195597 | Pan      | Found an exit through the horrors of the Abyss.
195646 | Pan      | Noticed Fomyd the pandemonium lord
195658 | Pan      | Killed Fomyd the pandemonium lord
196178 | Pan      | Noticed Berep the pandemonium lord
196216 | Pan      | Killed Berep the pandemonium lord
196737 | Pan      | Found an exit through the horrors of the Abyss.
197111 | Pan      | Found an exit through the horrors of the Abyss.
197138 | Pan      | Noticed Malur the pandemonium lord
197150 | Pan      | Killed Malur the pandemonium lord
197880 | Pan      | Found a runed translucent door.
197988 | Pan      | Found an exit through the horrors of the Abyss.
198257 | Pan      | Noticed Liag Yst the pandemonium lord
198269 | Pan      | Killed Liag Yst the pandemonium lord
198636 | Pan      | Identified the +7 mace of Boamisk {holy, rElec}
198743 | Pan      | Noticed Wehof the pandemonium lord
198764 | Pan      | Killed Wehof the pandemonium lord
199234 | Pan      | Found an exit through the horrors of the Abyss.
199485 | Pan      | Identified the +14 crystal plate armour of Impermeability
                  | {rF+ Str+3}
199494 | Depths:2 | Escaped Pandemonium
200062 | Pan      | Entered Pandemonium
200346 | Pan      | Found an exit through the horrors of the Abyss.
200604 | Pan      | Noticed Burreudgh the pandemonium lord
200608 | Pan      | Killed Burreudgh the pandemonium lord
200959 | Pan      | Reached skill level 27 in Ice Magic
200970 | Pan      | Reached skill level 1 in Earth Magic
200974 | Pan      | Noticed Sierphoh the pandemonium lord
200982 | Pan      | Killed Sierphoh the pandemonium lord
201189 | Pan      | Reached skill level 5 in Earth Magic
202082 | Pan      | Noticed Vicallezy the pandemonium lord
202109 | Pan      | Killed Vicallezy the pandemonium lord
202465 | Pan      | Reached skill level 10 in Earth Magic
202554 | Pan      | Noticed Deehow the pandemonium lord
203006 | Pan      | Killed Deehow the pandemonium lord
203321 | Pan      | Found a runed translucent door.
203348 | Pan      | Noticed Dydag the pandemonium lord
203365 | Pan      | Killed Dydag the pandemonium lord
203821 | Pan      | Reached skill level 15 in Earth Magic
203877 | Pan      | Found an exit through the horrors of the Abyss.
204580 | Pan      | Noticed Vapp the pandemonium lord
204592 | Pan      | Killed Vapp the pandemonium lord
205289 | Pan      | Noticed Xeosaham the pandemonium lord
205294 | Pan      | Killed Xeosaham the pandemonium lord
205767 | Pan      | Found an exit through the horrors of the Abyss.
205820 | Pan      | Noticed Pecehile the pandemonium lord
205838 | Pan      | Killed Pecehile the pandemonium lord
207015 | Pan      | Found a huge runed translucent gate.
207015 | Pan      | Found a huge runed translucent gate.
207015 | Pan      | Found a huge runed translucent gate.
207016 | Pan      | Found a huge runed translucent gate.
207016 | Pan      | Found a huge runed translucent gate.
207016 | Pan      | Found a huge runed translucent gate.
207017 | Pan      | Found a huge runed translucent gate.
207018 | Pan      | Found a huge runed translucent gate.
207018 | Pan      | Found a huge runed translucent gate.
207018 | Pan      | Found a huge runed translucent gate.
207019 | Pan      | Found a huge runed translucent gate.
207019 | Pan      | Found a huge runed translucent gate.
207020 | Pan      | Found a huge runed translucent gate.
207020 | Pan      | Found a huge runed translucent gate.
207020 | Pan      | Found a huge runed translucent gate.
207020 | Pan      | Found a huge runed translucent gate.
207021 | Pan      | Found a huge runed translucent gate.
207021 | Pan      | Found a huge runed translucent gate.
207021 | Pan      | Found a huge runed translucent gate.
207021 | Pan      | Found a huge runed translucent gate.
207021 | Pan      | Found a huge runed translucent gate.
207023 | Pan      | Noticed Ystrej the pandemonium lord
207429 | Pan      | Identified the +2 robe "Kieziukk" {rPois}
207687 | Pan      | Killed Ystrej the pandemonium lord
208102 | Pan      | Noticed Hugo the pandemonium lord
208633 | Pan      | Noticed Vusk the pandemonium lord
208834 | Pan      | Killed Vusk the pandemonium lord
209420 | Depths:2 | Escaped Pandemonium
209463 | Pan      | Entered Pandemonium
209584 | Pan      | Found an exit through the horrors of the Abyss.
209639 | Pan      | Noticed Miawopt the pandemonium lord
209651 | Pan      | Killed Miawopt the pandemonium lord
210612 | Pan      | Found an exit through the horrors of the Abyss.
210727 | Pan      | Noticed Meorat the pandemonium lord
210734 | Pan      | Killed Meorat the pandemonium lord
211379 | Pan      | Noticed Ruufeiss the pandemonium lord
211417 | Pan      | Found an exit through the horrors of the Abyss.
211621 | Pan      | Killed Ruufeiss the pandemonium lord
212181 | Pan      | Reached skill level 27 in Earth Magic
212188 | Pan      | Reached skill level 1 in Conjurations
212206 | Pan      | Noticed Namuchez the pandemonium lord
212232 | Pan      | Killed Namuchez the pandemonium lord
212240 | Pan      | Identified the +6 long sword of the Destroying Viper
                  | {vorpal, +Blink Int-5 Dex+5}
212303 | Pan      | Reached skill level 5 in Conjurations
212341 | Pan      | Identified the +1 helmet of Uwaahye {Drain rN+ Int+3 SInv}
212380 | Pan      | Identified the +0 cloak of the Saviour {MP+9}
212408 | Pan      | Found an exit through the horrors of the Abyss.
212668 | Depths:2 | Escaped Pandemonium
213214 | Tomb:1   | Noticed a royal mummy
213236 | Tomb:1   | Noticed a royal mummy
213283 | Tomb:1   | Noticed a royal mummy
213544 | Crypt:3  | Killed a royal mummy
213583 | Crypt:3  | Killed a royal mummy
213589 | Crypt:3  | Killed a royal mummy
213702 | Tomb:1   | Noticed a royal mummy
213734 | Tomb:1   | Killed a royal mummy
213826 | Tomb:1   | Noticed a royal mummy
213877 | Tomb:1   | Killed a royal mummy
214115 | Tomb:1   | Noticed a royal mummy
214124 | Tomb:1   | Killed a royal mummy
214199 | Tomb:1   | Noticed a royal mummy
214205 | Tomb:1   | Killed a royal mummy
214208 | Tomb:1   | Noticed a royal mummy
214215 | Tomb:1   | Killed a royal mummy
214216 | Tomb:1   | Reached skill level 10 in Conjurations
214217 | Tomb:1   | Noticed a royal mummy
214224 | Tomb:1   | Killed a royal mummy
214318 | Tomb:1   | Noticed a royal mummy
214326 | Tomb:1   | Killed a royal mummy
214328 | Tomb:1   | Noticed a royal mummy
214336 | Tomb:1   | Killed a royal mummy
214920 | Zig:1    | Entered Level 1 of a ziggurat
214938 | Zig:2    | Entered Level 2 of a ziggurat
214965 | Zig:3    | Entered Level 3 of a ziggurat
214965 | Zig:3    | Noticed a royal mummy
214970 | Zig:3    | Killed a royal mummy
215093 | Zig:4    | Entered Level 4 of a ziggurat
215119 | Zig:4    | Identified the ring "Xexudd" {Fire +Blink}
215130 | Zig:5    | Entered Level 5 of a ziggurat
215133 | Zig:5    | Found the macabre finger necklace {rN+}
215149 | Zig:5    | Identified the +6 shortbow of Wrongful Imprisonment
                  | {freeze, rC+ Int+2}
215164 | Zig:6    | Entered Level 6 of a ziggurat
215166 | Zig:6    | Found the +7 lajatang of Order {silver, rMut}
215215 | Zig:6    | Got the Catalogue of Quantum Enchantment
215223 | Zig:7    | Entered Level 7 of a ziggurat
215392 | Zig:8    | Entered Level 8 of a ziggurat
215429 | Zig:9    | Entered Level 9 of a ziggurat
215438 | Zig:9    | Noticed a juggernaut
215438 | Zig:9    | Noticed a juggernaut
215439 | Zig:9    | Noticed a juggernaut
215445 | Zig:9    | Killed a juggernaut
215447 | Zig:9    | Killed a juggernaut
215452 | Zig:9    | Killed a juggernaut
215603 | Zig:9    | Got the Volume of Shifting Poison
215604 | Zig:9    | Identified the ring "Rujien" {*Slow AC+4 Int+6}
215611 | Zig:9    | Identified the +3 ring mail of the Vacuum {Rampage rPois
                  | Dex-3 SInv}
215636 | Zig:10   | Entered Level 10 of a ziggurat
215654 | Zig:10   | Noticed Dyaga the pandemonium lord
215659 | Zig:10   | Reached skill level 15 in Conjurations
215662 | Zig:10   | Killed Dyaga the pandemonium lord
215760 | Zig:10   | Identified the +1 quarterstaff "Antichthon's Death" {pain,
                  | rElec Str+6}
215770 | Zig:11   | Entered Level 11 of a ziggurat
215775 | Zig:11   | Noticed an ancient lich
215776 | Zig:11   | Noticed a dread lich
215781 | Zig:11   | Killed an ancient lich
215783 | Zig:11   | Killed a dread lich
215809 | Zig:11   | Identified the ring of Peas {rElec rF+ rC+ AC+4 Dex+2}
215813 | Zig:11   | Identified the +1 cloak "Akhul" {Dex+4}
215829 | Zig:12   | Entered Level 12 of a ziggurat
215875 | Zig:12   | Identified the +8 chain mail of Vovoll {Str+4}
215879 | Zig:12   | Identified the +0 quarterstaff "Kerhox" {vorpal, *Noise
                  | *Corrode +Blink rF+++}
215883 | Zig:12   | Identified the ring of Bixoco {rPois rC- rCorr Int+6}
215888 | Zig:12   | Identified the amulet of Matyodeb {Faith Str+7}
215900 | Zig:13   | Entered Level 13 of a ziggurat
215916 | Zig:13   | Noticed Cacsu the pandemonium lord
215918 | Zig:13   | Noticed Egigilubb the pandemonium lord
215918 | Zig:13   | Noticed Zubut the pandemonium lord
215922 | Zig:13   | Killed Cacsu the pandemonium lord
215923 | Zig:13   | Killed Zubut the pandemonium lord
215926 | Zig:13   | Killed Egigilubb the pandemonium lord
215981 | Zig:13   | Identified the +0 plate armour of Snakes and Ladders
                  | {Dex+3}
215993 | Zig:13   | Identified the +10 spear "Suel App" {drain, *Rage +Blink
                  | rF+}
216006 | Zig:14   | Entered Level 14 of a ziggurat
216017 | Zig:14   | Noticed a dread lich
216018 | Zig:14   | Noticed a dread lich
216019 | Zig:14   | Noticed a dread lich
216020 | Zig:14   | Noticed an ancient lich
216020 | Zig:14   | Noticed an ancient lich
216020 | Zig:14   | Noticed a dread lich
216025 | Zig:14   | Killed a dread lich
216026 | Zig:14   | Killed a dread lich
216026 | Zig:14   | Killed an ancient lich
216026 | Zig:14   | Killed an ancient lich
216027 | Zig:14   | Killed a dread lich
216028 | Zig:14   | Killed a dread lich
216092 | Zig:15   | Entered Level 15 of a ziggurat
216135 | Zig:15   | Identified the +6 great mace of Lutotun {flame, rCorr
                  | Dex+2}
216137 | Zig:15   | Identified the +1 pair of boots "Edekits" {+Inv rPois}
216144 | Zig:15   | Identified the +8 short sword of Illazof {vorpal, rC+ Str-4
                  | Dex+2}
216145 | Zig:15   | Identified the amulet of the Original Sin {Acrobat rPois
                  | rC+ Str+2}
216161 | Zig:16   | Entered Level 16 of a ziggurat
216172 | Zig:16   | Noticed an ancient lich
216175 | Zig:16   | Noticed a dread lich
216175 | Zig:16   | Noticed an ancient lich
216176 | Zig:16   | Killed an ancient lich
216176 | Zig:16   | Killed a dread lich
216179 | Zig:16   | Killed an ancient lich
216180 | Zig:16   | Found the +8 longbow "Zephyr" {speed, Dex+3 SInv}
216271 | Zig:17   | Entered Level 17 of a ziggurat
216307 | Zig:17   | Found the +5 demon whip "Spellbinder" {antimagic, Will+}
216383 | Zig:17   | Found the +8 mithril axe "Arga" {speed, Will+}
216384 | Zig:17   | Found the +7 sceptre of Torment {pain, torment}
216390 | Zig:17   | Identified the +1 chain mail of Reasonable Awe {rF+}
216398 | Zig:17   | Identified the ring "Oquofuurph" {rC+ Str+6 Int+3}
216428 | Zig:18   | Entered Level 18 of a ziggurat
216445 | Zig:18   | Found the +7 great mace "Undeadhunter" {disrupt, rN+}
216497 | Zig:18   | Identified the ring "Gioplask" {rElec rPois Will- rCorr
                  | Int+6 Stlth+}
216506 | Zig:18   | Identified the +6 flail "Cedoroso" {vorpal, Dex+5}
216513 | Zig:18   | Identified the +1 leather armour of Grace {rElec rF+ rCorr
                  | Int-4}
216531 | Zig:19   | Entered Level 19 of a ziggurat
216546 | Zig:19   | Noticed a royal mummy
216546 | Zig:19   | Noticed a royal mummy
216546 | Zig:19   | Noticed a royal mummy
216549 | Zig:19   | Noticed a royal mummy
216550 | Zig:19   | Killed a royal mummy
216550 | Zig:19   | Killed a royal mummy
216550 | Zig:19   | Killed a royal mummy
216550 | Zig:19   | Noticed a royal mummy
216551 | Zig:19   | Killed a royal mummy
216551 | Zig:19   | Zin protects you from harm!
216552 | Zig:19   | Noticed a royal mummy
216554 | Zig:19   | Noticed a royal mummy
216575 | Zig:19   | Killed a royal mummy
216576 | Zig:19   | Killed a royal mummy
216576 | Zig:19   | Killed a royal mummy
216715 | Zig:19   | Identified the +7 chain mail of Untruth {rCorr Int-3 Slay-2
                  | Stlth+}
216722 | Zig:19   | Identified the +9 battleaxe of Kowkuymu {pain, *Noise rPois
                  | Str+5 Dex-2}
216739 | Zig:19   | Identified the +3 falchion of the Soothsayer {pain, rC+
                  | Stlth+}
216740 | Zig:19   | Identified the ring "Wywoeharph" {rElec rC+ rCorr SInv}
216744 | Zig:19   | Identified the +5 quarterstaff "Vuaqa" {vorpal, rF+ Will++
                  | SInv}
216754 | Zig:20   | Entered Level 20 of a ziggurat
216784 | Zig:20   | Identified the ring of Xom's Whimsicality {Ice Dex+2}
216858 | Zig:20   | Identified the +4 dagger of Summer {vorpal, rPois Will+
                  | Int+3}
216972 | Zig:20   | Identified the +1 flail "Zyecho" {distort, rPois rN+}
216978 | Zig:21   | Entered Level 21 of a ziggurat
216995 | Zig:21   | Reached skill level 27 in Conjurations
216998 | Zig:21   | Reached skill level 5 in Fire Magic
217062 | Zig:21   | Identified the +7 fustibalus "Uphees" {freeze, rF- Str+3
                  | Dex+4 SInv}
217063 | Zig:21   | Identified the +10 fustibalus "Sourad" {flame, Int+7}
217067 | Zig:21   | Identified the amulet of the Establishment {Reflect Slay+3
                  | SH+5}
217076 | Zig:21   | Got the Papyrus of the Shifting Traveller
217195 | Zig:22   | Entered Level 22 of a ziggurat
217207 | Zig:22   | Noticed a juggernaut
217209 | Zig:22   | Noticed a juggernaut
217210 | Zig:22   | Noticed a juggernaut
217210 | Zig:22   | Noticed a juggernaut
217210 | Zig:22   | Noticed a juggernaut
217212 | Zig:22   | Noticed a juggernaut
217213 | Zig:22   | Killed a juggernaut
217213 | Zig:22   | Killed a juggernaut
217213 | Zig:22   | Killed a juggernaut
217213 | Zig:22   | Killed a juggernaut
217213 | Zig:22   | Killed a juggernaut
217213 | Zig:22   | Noticed a juggernaut
217214 | Zig:22   | Noticed a juggernaut
217214 | Zig:22   | Noticed a juggernaut
217214 | Zig:22   | Noticed a juggernaut
217214 | Zig:22   | Noticed a juggernaut
217215 | Zig:22   | Killed a juggernaut
217215 | Zig:22   | Killed a juggernaut
217215 | Zig:22   | Killed a juggernaut
217216 | Zig:22   | Reached skill level 10 in Fire Magic
217216 | Zig:22   | Killed a juggernaut
217216 | Zig:22   | Killed a juggernaut
217216 | Zig:22   | Killed a juggernaut
217358 | Zig:22   | Identified the ring of Erityaca {rF+ rC+ rN+ Will+ Int-3}
217364 | Zig:22   | Identified the +8 rapier of the Thirsty Lives {flame, rC+
                  | MP+9 Str+3}
217507 | Zig:22   | Identified the +3 plate armour "Kahunadi" {Stlth+}
217511 | Zig:22   | Identified the +10 flail of Descent {pain, +Blink rPois
                  | Int+8 Stlth-}
217515 | Zig:23   | Entered Level 23 of a ziggurat
217534 | Zig:23   | Reached skill level 15 in Fire Magic
217587 | Zig:23   | Found the necklace of Bloodlust {*Rage Will++ Int-3 Slay+6}
217796 | Zig:23   | Identified the +4 hand crossbow of Nustilin {vorpal, rN+
                  | Dex+3}
217799 | Zig:23   | Identified the +5 flail "Beusum" {vorpal, rPois rF++ Str-5}
217805 | Zig:24   | Entered Level 24 of a ziggurat
217824 | Zig:24   | Noticed Pesh the pandemonium lord
217824 | Zig:24   | Noticed Ydughaig the pandemonium lord
217824 | Zig:24   | Noticed Vuzy the pandemonium lord
217824 | Zig:24   | Noticed Fipic the pandemonium lord
217824 | Zig:24   | Noticed Igirch the pandemonium lord
217825 | Zig:24   | Noticed Ecuzuyly the pandemonium lord
217825 | Zig:24   | Noticed Biskeiph the pandemonium lord
217826 | Zig:24   | Noticed Yrif the pandemonium lord
217827 | Zig:24   | Noticed Ygosyil the pandemonium lord
217827 | Zig:24   | Noticed Qimih the pandemonium lord
217828 | Zig:24   | Killed Yrif the pandemonium lord
217828 | Zig:24   | Killed Qimih the pandemonium lord
217828 | Zig:24   | Noticed Ablanam the pandemonium lord
217829 | Zig:24   | Noticed Vaobie Honuwk the pandemonium lord
217829 | Zig:24   | Killed Igirch the pandemonium lord
217829 | Zig:24   | Noticed Feik the pandemonium lord
217830 | Zig:24   | Killed Biskeiph the pandemonium lord
217830 | Zig:24   | Killed Ydughaig the pandemonium lord
217830 | Zig:24   | Killed Ecuzuyly the pandemonium lord
217830 | Zig:24   | Killed Vuzy the pandemonium lord
217831 | Zig:24   | Killed Pesh the pandemonium lord
217832 | Zig:24   | Killed Ygosyil the pandemonium lord
217832 | Zig:24   | Killed Fipic the pandemonium lord
217832 | Zig:24   | Killed Ablanam the pandemonium lord
217832 | Zig:24   | Killed Vaobie Honuwk the pandemonium lord
217834 | Zig:24   | Found the amulet of the Air {Inacc Air Fly rElec RMsl}
217842 | Zig:24   | Killed Feik the pandemonium lord
218018 | Zig:24   | Identified the ring of Heclotse {Ice rCorr Str-5 Dex+4
                  | Stlth+}
218123 | Zig:24   | Identified the +9 mace of the Witching Enemy {vorpal, Int+3
                  | Dex+4}
218127 | Zig:24   | Identified the +7 morningstar of Propriety {venom, rElec
                  | rPois rC+}
218131 | Zig:25   | Entered Level 25 of a ziggurat
218150 | Zig:25   | Found the ring of the Hare {EV+8}
218292 | Zig:25   | Got the Reference Book on the Captivating Entourage
218294 | Zig:25   | Identified the +3 leather armour of Moirecue {*Corrode
                  | Int+3 Dex+3 Stlth+}
218439 | Zig:25   | Identified the +7 short sword "Killer Klown's Curse"
                  | {vorpal, rC++}
218448 | Zig:26   | Entered Level 26 of a ziggurat
218467 | Zig:26   | Noticed a dread lich
218467 | Zig:26   | Noticed a royal mummy
218467 | Zig:26   | Noticed a royal mummy
218470 | Zig:26   | Killed a dread lich
218470 | Zig:26   | Noticed a royal mummy
218471 | Zig:26   | Killed a royal mummy
218471 | Zig:26   | Noticed a royal mummy
218473 | Zig:26   | Killed a royal mummy
218476 | Zig:26   | Noticed a royal mummy
218478 | Zig:26   | Noticed a royal mummy
218500 | Zig:26   | Killed by a guardian mummy's death curse

Illustrated notes

Levels and vault maps discovered:
D:1:      dpeg_arrival_yet_another_circle, layout_basic
D:2:      layout_basic, shapermc_ecumenical_altar_rom_forum,
          chequers_decorated_corner, uniq_sigmund, uniq_crazy_yiuf_cottage
D:3:      layout_loops_corners, grunt_temple_overflow_open, serial_shops,
          nicolae_shop_hallway_stairs, st_stairs_9, dk_vineyard_3
D:4:      layout_basic, minmay_starry_boxes, uniq_blork_the_orc
D:5:      layout_loops_ring, minmay_temple_entry_gardened_gates,
          serial_bayou_pond_b, grunt_decor_junction, dk_noncrumbling_4,
          minmay_circle_x, uniq_menkaure, uniq_grinder
D:6:      layout_basic, mainiacjoe_overflow_boulevard, gammafunk_ghost_cemetery
D:7:      layout_basic
D:8:      layout_loops_cross, ebering_ghost_rock_garden, solitary_fountain
D:9:      layout_basic, mainiacjoe_overflow_catwalk, hiddenorc1_lemuel
D:10:     minmay_curly_fans, layout_stronghold, uniq_urug, uniq_grum
D:11:     layout_roguey, erik_lair_island, cheibrodos_ashenzari_chains,
          uniq_nergalle
D:12:     layout_cave_pools, uniq_sonja
D:13:     layout_loops_cross, grunt_vaults_entry_tiered
D:14:     layout_basic, nicolae_wu_jian_immortal_techniques, uniq_josephine
D:15:     grunt_enter_depths_magical_seal, layout_irregular_city,
          minmay_misc_feat_alley, uniq_louise
Temple:   compressed_dpeg_circular_temple
Lair:1:   layout_roguey [special_room_bee], ebering_ghost_rock_garden,
          portal_ice_cave_entry_ice_simulacra
Lair:2:   layout_small_grid, dummy_spider_entry, infiniplex_staircase_pool,
          uniq_maggie
Lair:3:   dragon1_lemuel, layout_cave_pods, guppyfry_lair_drakes,
          grunt_megastairs_5
Lair:4:   layout_cave_pods, minmay_swamp_entry_worms, minmay_lair_drake_nest,
          serial_bayou_shore_b
Lair:5:   gammafunk_boulding_lane, layout_regular_city, minmay_slime_entry_eyes,
          beast_lair_carwin_1, serial_bayou_shore_b, grunt_megastairs_4
Lair:6:   cheibrodos_lair_end_hotspot, layout_regular_city,
          nicolae_lair_lindhole
Swamp:1:  layout_basic_swamp, evilmike_swamp_ruin_house_5,
          infiniplex_staircase_pool_2
Swamp:2:  layout_basic_swamp, nicolae_swamp_small_spring, swamp_pool2,
          uniq_roxanne, uniq_kirke
Swamp:3:  layout_basic_swamp, evilmike_swamp_ruin_rubble_2,
          beargit_elvish_explorers
Swamp:4:  swamp_fiery, layout_basic_swamp, swamp_pool4
Spider:1: layout_spider_delve
Spider:2: layout_cave_pods, hangedman_spider_tarantella_strand, uniq_donald
Spider:3: layout_chambers, uniq_agnes
Spider:4: floodkiller_spider_rune_tomb, hangedman_spider_mandibles
Slime:1:  layout_caves, basic_altar
Slime:2:  layout_caves
Slime:3:  layout_caves
Slime:4:  layout_caves
Slime:5
Orc:1:    layout_diamond_mine, serial_shops, elves_outpost_lemuel
Orc:2:    st_orc_open, layout_caves, nicolae_volcano_entry_lava_flow,
          serial_shops, bzr_entry_islet
Elf:1:    minmay_the_grid_3x3 [minmay_the_grid_gridbox,
          minmay_the_grid_broken_lines, minmay_the_grid_doors,
          minmay_the_grid_spikes, minmay_the_grid_armoury,
          minmay_the_grid_outer_circle, minmay_the_grid_eight,
          minmay_the_grid_odd_star, minmay_the_grid_prize_trominoes],
          layout_geoelf_diagonals, hangedman_corner_corridor,
          nicolae_elf_big_sculpture_2
Elf:2:    nicolae_elf_blades_crystal_corner, layout_geoelf_octagon
Elf:3:    minmay_elf_hall_not_hex, layout_onion_city, serial_shops,
          freezing_bzr, hellmonk_bongcloud_opening, st_stairs_2
Vaults:1: nicolae_vaults_big_angled_halls, hangedman_vaults_restitches,
          nicolae_vaults_alarming, nicolae_vaults_what_the_h, st_eye, v_misc_29,
          layout_vaults_chaotic_city, serial_shops, shop, uniq_asterion
Vaults:2: portal_desolation_entry_holy_temple, hangedman_vaults_slither,
          nicolae_vaults_little_squares_1, nicolae_vaults_network_s, v_misc_17,
          vaults_mumra_chevron, nicolae_vaults_little_ls, v_pattern_1,
          vaults_room_fours, vaults_room_semicircle, layout_vaults_omnigrid
Vaults:3: v_pattern_2, nicolae_vaults_lopsided_apartments, vaults_mumra_lcd,
          hangedman_vaults_maws, nicolae_vaults_theta,
          minmay_crypt_entry_simple_walls, hangedman_vaults_locks,
          ontoclasm_vaults_fault, hangedman_vaults_stretched_pinwheel,
          ontoclasm_vaults_ligature, hangedman_vaults_capsules,
          nicolae_vaults_circle_grid_b, vaults_mumra_minichess,
          nicolae_vaults_windows_and_doors_thing, vaults_room_door_ring,
          layout_vaults_maze
Vaults:4: nicolae_vaults_circle_grid_a, nicolae_vaults_little_squares_1,
          st_quartered_hall, hangedman_vaults_corner_blocks,
          ontoclasm_vaults_shuriken, vaults_room_hallway,
          nicolae_vaults_network_barrier, nicolae_vaults_border_crossing,
          hangedman_vaults_stagger, nicolae_vaults_circle_grid_a,
          dpeg_vaults_monster_box, grunt_vaults_diagonal, ontoclasm_vaults_eye,
          vaults_room_door_hall, layout_vaults_omnibox
Vaults:5: uniq_saint_roka, uniq_mennas, uniq_margery
Crypt:1:  gammafunk_its_a_trap, layout_misc_corridors, uniq_boris
Crypt:2:  layout_chaotic_city
Crypt:3:  lightli_unholy_cathedral, layout_chaotic_city,
          tomb_entry_forgotten_bobbens, infiniplex_enter_wizlab_glasses,
          minivault_14, grunt_ministairs_5
Tomb:1:   uniq_khufu
Depths:1: hangedman_grunt_twisty_little_passages, layout_basic,
          enter_ziggurat_f, hell_entry, abyss_entry, fedhas_altar_4
Depths:2: kb_forest_paths, layout_long_grid, nicolae_qazlal_general_emergency,
          rand_demon_pan_entry_9, hell_entry, minmay_staircase_windowed_large
Depths:3: lemuel_troll_bridge, layout_cave_shapes, hell_entry, abyss_entry,
          grunt_decor_clamped, serial_bayou_shore_a, uniq_xtahua
Depths:4: evilmike_zot_entry_basic, layout_long_grid, grunt_dithmenos_smoke,
          grunt_metal_band, grunt_megastairs_3, serial_bayou_shore_b,
          minmay_shop_grove, uniq_frederick
Hell
Zot:1:    layout_concentric_octagons, uniq_josephina, uniq_tiamat
Zot:2:    circus_mu, layout_cathedral_of_symmetry
Zot:3:    gammafunk_mikee_crab_dinner, layout_misc_corridors, grunt_ministairs_2
Zot:4:    minmay_elemental_castle, layout_cellular_growth
Zot:5:    layout_basic
Zig:26:   ziggurat_pillar_abc, ziggurat_pillar_abc, ziggurat_pillar_abc,
          ziggurat_pillar_abc

Skill      XL: |  1  2  3  4  5  6  7  8  9 10 11 12 13 14 15 16 17 18 19 20 21 22 23 24 25 26 27 |
---------------+----------------------------------------------------------------------------------+-----
Invocations    | 1 2 3 4 5 6 7 8 9 10 11 12 13 14 15 16 27 | 27.0
Maces & Flails | 3 4 6 7 9 11 12 13 14 15 16 17 18 19 20 21 22 27 | 27.0
Armour         | 4 5 6 7 8 9 10 11 12 13 14 15 16 17 27 | 27.0
Dodging        | 1 2 3 4 5 6 7 8 9 10 11 12 13 27 | 27.0
Shields        | 4 5 6 7 8 9 10 12 13 14 15 16 17 18 19 20 21 22 24 27 | 27.0
Fighting       | 4 5 6 7 8 9 10 11 13 15 16 18 19 20 21 22 23 24 27 | 27.0
Throwing       | 2 3 4 5 6 7 8 9 10 11 12 13 27 | 27.0
Evocations     | 2 4 5 6 7 8 13 | 13.0
Axes           | 23 | 23.0
Stealth        | 27 | 27.0
Spellcasting   | 27 | 27.0
Ice Magic      | 27 | 27.0
Earth Magic    | 27 | 27.0
Conjurations   | 27 | 27.0
Fire Magic     | 21 | 21.8
Summonings     | |  0.3
Air Magic      | |  0.6

Action                   |  1- 3 |  4- 6 |  7- 9 | 10-12 | 13-15 | 16-18 | 19-21 | 22-24 | 25-27 || total
-------------------------+-------+-------+-------+-------+-------+-------+-------+-------+-------++-------
Melee: Flail             |    72 |   112 |   334 |    37 |       |       |       |       |       ||   555
       Eveningstar       |       |       |       |   486 |  1228 |  1460 |  1883 |  2027 |  7924 || 15008
       Morningstar       |       |       |       |   228 |       |       |       |       |       ||   228
       Sacred scourge    |       |       |       |       |       |       |       |       | 15557 || 15557
       Fustibalus        |       |       |       |       |       |       |       |       |     6 ||     6
Throw: Javelin           |       |       |       |       |       |    15 |       |     4 |    10 ||    29
 Cast: Shatter           |       |       |       |       |       |       |       |       |    31 ||    31
       Polar Vortex      |       |       |       |       |       |       |       |       |    21 ||    21
Invok: Sanctuary         |       |       |       |       |       |     1 |     4 |       |    12 ||    17
       Recite            |       |       |       |       |       |       |     1 |       |     7 ||     8
       Vitalisation      |       |       |       |       |       |       |       |       |    19 ||    19
 Abil: Evoke Blink       |       |       |       |       |       |       |       |       |     1 ||     1
Evoke: Wand              |       |       |     4 |     1 |       |     7 |       |       |    77 ||    89
       Phantom mirror    |       |       |       |       |       |       |       |       |     4 ||     4
  Use: Scroll            |     7 |     2 |     9 |    10 |     7 |     7 |     9 |    16 |    78 ||   145
       Potion            |       |     5 |     3 |     1 |     5 |     5 |    11 |     5 |    64 ||    99
 Stab: Sleeping          |       |       |     1 |       |       |       |       |       |     1 ||     2
       Invisible         |       |       |       |       |       |       |       |    21 |    58 ||    79
       Distracted        |       |       |       |       |       |       |       |       |    79 ||    79
       Confused          |       |       |       |       |       |       |       |       |     2 ||     2
       Paralysed         |       |       |       |       |       |       |       |       |     2 ||     2
Armor: Scale mail        |    58 |    37 |       |       |       |       |       |       |       ||    95
       Leather armour    |       |    16 |   150 |       |       |       |       |       |       ||   166
       Plate armour      |       |       |    48 |   485 |   785 |   934 |       |       |       ||  2252
       Chain mail        |       |       |     9 |       |       |    11 |   379 |       |       ||   399
       Ice dragon scales |       |       |       |    60 |       |       |       |       |       ||    60
       Pearl dragon scal |       |       |       |       |       |       |   569 |   850 |  4479 ||  5898
       Gold dragon scale |       |       |       |       |       |       |       |       |  1424 ||  1424
       Crystal plate arm |       |       |       |       |       |       |       |       |   517 ||   517
Dodge: Dodged            |    38 |    55 |   195 |   282 |   536 |   656 |   720 |   945 |  7334 || 10761
       Repelled          |       |       |       |       |     1 |    17 |       |       |       ||    18
Block: Buckler           |    20 |    21 |    77 |   114 |       |       |       |       |       ||   232
       Kite shield       |       |       |       |   156 |   786 |  1157 |  1265 |  1314 |  5021 ||  9699
       Tower shield      |       |       |       |       |       |       |       |       | 15479 || 15479

Table legend: (Time is in decaauts)
 A = Elapsed time spent in this place.
 B = Non-inter-level travel time spent in this place.
 C = Inter-level travel time spent in this place.
 D = Time resting spent in this place.
 E = Time spent auto-exploring this place.
 F = Levels seen in this place.
 G = Mean time per level.
                   A        B        C        D        E       F      G
               +--------+--------+--------+--------+--------+-----+--------+
         Total | 207590 | 196163 |  11427 |  17248 | 108081 | 213 |  974.6 |
       Dungeon |  16807 |  13010 |   3797 |    404 |   9071 |  15 | 1120.5 |
        Temple |    112 |     91 |     21 |      0 |     59 |   1 |  112.0 |
          Lair |   8368 |   7338 |   1030 |    781 |   4443 |   6 | 1394.7 |
         Swamp |   3765 |   3541 |    224 |    486 |   1752 |   4 |  941.2 |
   Spider Nest |   6399 |   6044 |    355 |    811 |   2739 |   4 | 1599.8 |
    Slime Pits |   4307 |   4011 |    296 |    908 |   1414 |   5 |  861.4 |
  Orcish Mines |   2231 |   1774 |    457 |    292 |    738 |   2 | 1115.5 |
   Elven Halls |   4580 |   4218 |    362 |    800 |   1636 |   3 | 1526.7 |
        Vaults |  10917 |   9060 |   1857 |   1531 |   4172 |   5 | 2183.4 |
         Crypt |   4128 |   3295 |    833 |    729 |   1522 |   3 | 1376.0 |
          Tomb |   2418 |   2337 |     81 |    696 |    167 |   1 | 2418.0 |
        Depths |  10581 |   8777 |   1804 |   2997 |   2433 |   4 | 2645.2 |
          Hell |    570 |    570 |      0 |      3 |    291 |   1 |  570.0 |
           Zot |   8450 |   8146 |    304 |   1708 |   2174 |   5 | 1690.0 |
         Abyss |     58 |     58 |      0 |      0 |     31 |   2 |   29.0 |
   Pandemonium | 117067 | 117067 |      0 |   3846 |  73517 | 120 |  975.6 |
      Ziggurat |   3427 |   3427 |      0 |    887 |    974 |  26 |  131.8 |
        Bazaar |    138 |    138 |      0 |      0 |      2 |   2 |   69.0 |
      Ice Cave |    938 |    938 |      0 |    130 |    293 |   1 |  938.0 |
       Volcano |    300 |    300 |      0 |      0 |     92 |   1 |  300.0 |
        Wizlab |   1059 |   1059 |      0 |     70 |    346 |   1 | 1059.0 |
    Desolation |    962 |    962 |      0 |    164 |    214 |   1 |  962.0 |
               +--------+--------+--------+--------+--------+-----+--------+

Top non-repeatable levels by time:
Depths:4: 3471 daAuts
Depths:1: 2888 daAuts
Vaults:4: 2862 daAuts
Vaults:1: 2510 daAuts
  Tomb:1: 2418 daAuts
Spider:4: 2365 daAuts
Vaults:3: 2317 daAuts
Depths:2: 2308 daAuts
   Zot:5: 1967 daAuts
Vaults:2: 1942 daAuts
  Lair:4: 1930 daAuts
Depths:3: 1913 daAuts
   Zot:1: 1887 daAuts
   Zot:4: 1804 daAuts
   Zot:2: 1799 daAuts
